 Dungeon Crawl Stone Soup version 0.24-a0-630-g0d56a851f4 (webtiles) character file.

Game seed: 9447375657937691615, levelgen mode: deterministic

17479456 DEFE the Archmage (level 27, 218/218 HPs)
             Began as a Deep Elf Fire Elementalist on Sept 12, 2019.
             Was the Champion of Vehumet.
             Escaped with the Orb
             ... and 15 runes on Sept 20, 2019!
             The game lasted 06:17:19 (91818 turns).

DEFE the Archmage (Deep Elf Fire Elementalist)     Turns: 91818, Time: 06:17:20

Health: 218/218    AC: 21    Str:  6      XL:     27
Magic:  60/60      EV: 31    Int: 40      God:    Vehumet [******]
Gold:   4662       SH: 23    Dex: 14 (15) Spells: 3/80 levels left

rFire    + + .     SeeInvis +   R - staff of earth
rCold    + + +     Gourm    .   D - +2 shield of Resistance {rF+ rC+ MR+}
rNeg     + + +     Faith    .   e - +2 robe {Archmagi}
rPois    ∞         Spirit   .   N - +0 Maxwell's etheric cage {RegenMP+ *Contam rElec MP+4}
rElec    +         Reflect  .   V - scarf {cloud immunity}
rCorr    .         Harm     .   P - +0 pair of gloves "Zucuf" {+Inv Regen+}
MR       ++++.     Clarity  +   g - +2 pair of boots "Vubrisch" {Regen+}
Stlth    +++.......             n - amulet of magic regeneration
HPRegen  1.26/turn              C - ring of Oraimin {rF+ rC+ Str+3} MPRegen 1.12/turn*
                                k - ring "Soibopop" {rElec Int+4 SInv}

@: lich-form
A: large bone plates 1, clarity, clever 1, robust 1, weak 1, wild magic 1
0: Orb of Zot
}: 15/15 runes: decaying, serpentine, slimy, silver, golden, iron, obsidian,
icy, bone, abyssal, demonic, glowing, magical, fiery, dark
a: End Transformation, Renounce Religion, Evoke Invisibility


You escaped.
You worshipped Vehumet.
Vehumet was exalted by your worship.
You were not hungry.
You were a lich.
You visited 17 branches of the dungeon, and saw 86 of its levels.
You visited Pandemonium 1 time, and saw 16 of its levels.
You visited the Abyss 1 time.
You visited 5 ziggurats (completing 4), and saw 114 of their levels.
You also visited: Sewer, Ossuary, Gauntlet, Ice Cave and Wizlab.

You collected 9273 gold pieces.
You spent 4611 gold pieces at shops.

Inventory:

Hand Weapons
 L - the +9 staff of Wucad Mu {channel}
   (You found it on level 21 of a ziggurat)
Missiles
 s - 237 silver javelins (quivered)
Armour
 e - a +2 robe of the Archmagi (worn)
 g - the +2 pair of boots "Vubrisch" (worn) {Regen+}
   (You found it on level 25 of a ziggurat)

   It increases your rate of regeneration.
 z - a scarf of resistance
 D - the +2 shield of Resistance (worn) {rF+ rC+ MR+}
   (You found it on level 24 of a ziggurat)

   It protects you from fire.
   It protects you from cold.
   It affects your resistance to hostile enchantments.
 N - the +0 Maxwell's etheric cage (worn) {RegenMP+ *Contam rElec MP+4}
   (You found it on level 27 of a ziggurat)

   It insulates you from electricity.
   It affects your magic capacity (+4).
   It causes magical contamination when unequipped.
 O - the +3 robe of Clouds {+Thunder rCloud rElec}
   (You found it on level 5 of the Lair of Beasts)

   It insulates you from electricity.
 P - the +0 pair of gloves "Zucuf" (worn) {+Inv Regen+}
   (You found it in a Gauntlet)

   It lets you turn invisible.
   It increases your rate of regeneration.
 V - a scarf of cloud immunity (worn)
Magical Staves
 a - an uncursed staff of wizardry
 b - an uncursed staff of conjuration
 F - an uncursed staff of energy
 I - an uncursed staff of fire
 R - an uncursed staff of earth (weapon)
Jewellery
 k - the ring "Soibopop" (right hand) {rElec Int+4 SInv}
   (You found it on level 26 of a ziggurat)

   [ring of see invisible]

   It affects your intelligence (+4).
   It insulates you from electricity.
   It lets you see invisible.
 n - an amulet of magic regeneration (around neck)
 w - the ring "Yliusepp" {Wiz +Blink rElec Int+6 Dex-4}
   (You found it on level 27 of a ziggurat)

   [ring of wizardry]

   It improves your spell success rate.
   It affects your intelligence (+6).
   It affects your dexterity (-4).
   It insulates you from electricity.
   It lets you blink.
 C - the ring of Oraimin (left hand) {rF+ rC+ Str+3}
   (You bought it in a shop on level 8 of the Dungeon)

   [ring of protection from cold]

   It affects your strength (+3).
   It protects you from fire.
   It protects you from cold.
Wands
 B - a wand of acid (10)
 M - a wand of iceblast (50)
 S - a wand of flame (27)
 U - a wand of scattershot (4)
 X - a wand of clouds (10)
 Y - a wand of digging (26)
Scrolls
 d - 45 scrolls of enchant armour
 i - 65 scrolls of fog
 m - 82 scrolls of remove curse
 q - 61 scrolls of teleportation
 x - 14 scrolls of identify
 y - a scroll of holy word
 A - a scroll of acquirement
 E - 30 scrolls of blinking
 H - 18 scrolls of amnesia
 W - a scroll of summoning
 Z - 6 scrolls of immolation
Potions
 f - 39 potions of curing
 h - 8 potions of invisibility
 j - 19 potions of heal wounds
 l - 8 potions of agility
 o - 93 potions of mutation
 p - 13 potions of brilliance
 r - 12 potions of might
 t - 5 potions of resistance
 u - 11 potions of flight
 v - 6 potions of ambrosia
 J - 16 potions of haste
 K - 4 potions of cancellation
Miscellaneous
 G - a lamp of fire
 Q - a +4 figurine of a ziggurat
 T - 25 boxes of beasts
Comestibles
 c - 79 rations


   Skills:
 O Level 27 Fighting
   Level 0.1 Short Blades
 + Level 22.5 Staves
 O Level 27 Throwing
 O Level 27 Armour
 O Level 27 Dodging
 O Level 27 Stealth
 O Level 27 Shields
 O Level 27 Spellcasting
 O Level 27 Conjurations
 O Level 27 Charms
 O Level 27 Summonings
 O Level 27 Necromancy
 O Level 27 Transmutations
 O Level 27 Fire Magic
 O Level 27 Ice Magic
 O Level 27 Air Magic
 O Level 27 Earth Magic
 O Level 27 Evocations


You had 3 spell levels left.
You knew the following spells:

 Your Spells              Type           Power        Failure   Level  Hunger
a - Lehudib's Crystal Sp  Conj/Erth      ##########   1%          8    N/A
b - Glaciate              Conj/Ice       #########.   1%          9    N/A
c - Shatter               Erth           ##########   1%          9    N/A
d - Deflect Missiles      Chrm/Air       #########.   1%          6    N/A
e - Tornado               Air            #########.   1%          9    N/A
f - Ignition              Fire           #########.   1%          8    N/A
g - Iron Shot             Conj/Erth      ##########   1%          6    N/A
h - Aura of Abjuration    Summ           #########.   1%          5    N/A
i - Fire Storm            Conj/Fire      #########.   1%          9    N/A
k - Necromutation         Tmut/Necr      ##########   1%          8    N/A

Your spell library contained the following spells:

 Spells                   Type           Power        Failure   Level  Hunger
 Animate Skeleton         Necr           N/A          1%          1    N/A
 Apportation              Tloc           ######       1%          1    N/A
 Beastly Appendage        Tmut           ######       1%          1    N/A
 Confusing Touch          Hex            ######       1%          1    N/A
 Corona                   Hex            #######      1%          1    N/A
 Flame Tongue             Conj/Fire      #####        1%          1    N/A
 Freeze                   Ice            ####         1%          1    N/A
 Infusion                 Chrm           ####         1%          1    N/A
 Magic Dart               Conj           ####         1%          1    N/A
 Pain                     Necr           ####         1%          1    N/A
 Sandblast                Erth           ######       1%          1    N/A
 Shock                    Conj/Air       ####         1%          1    N/A
 Sting                    Conj/Pois      ####         1%          1    N/A
 Summon Butterflies       Summ           ########     1%          1    N/A
 Summon Small Mammal      Summ           ####         1%          1    N/A
 Blink                    Tloc           N/A          1%          2    N/A
 Call Imp                 Summ           ########     1%          2    N/A
 Corpse Rot               Necr           N/A          1%          2    N/A
 Ensorcelled Hibernation  Hex/Ice        ######       1%          2    N/A
 Passwall                 Tmut/Erth      ########     1%          2    N/A
 Poisonous Vapours        Pois/Air       ######       1%          2    N/A
 Searing Ray              Conj           ######       1%          2    N/A
 Shroud of Golubria       Chrm/Tloc      ######       1%          2    N/A
 Slow                     Hex            #######.     1%          2    N/A
 Song of Slaying          Chrm           ########     1%          2    N/A
 Sticks to Snakes         Tmut           ########     1%          2    N/A
 Sublimation of Blood     Necr           ##########   1%          2    N/A
 Swiftness                Chrm/Air       ########     1%          2    N/A
 Throw Flame              Conj/Fire      ######       1%          2    N/A
 Throw Frost              Conj/Ice       ######       1%          2    N/A
 Call Canine Familiar     Summ           ########     1%          3    N/A
 Confuse                  Hex            #######.     1%          3    N/A
 Conjure Flame            Conj/Fire      ########     1%          3    N/A
 Dazzling Spray           Conj/Hex       ######       1%          3    N/A
 Gell's Gravitas          Tloc           #######...   1%          3    N/A
 Ignite Poison            Fire/Tmut/Pois ########     1%          3    N/A
 Inner Flame              Hex/Fire       ########     1%          3    N/A
 Lesser Beckoning         Tloc           #######...   1%          3    N/A
 Mephitic Cloud           Conj/Pois/Air  ########     1%          3    N/A
 Ozocubu's Armour         Chrm/Ice       ########     1%          3    N/A
 Portal Projectile        Hex/Tloc       ######       1%          3    N/A
 Recall                   Summ/Tloc      N/A          1%          3    N/A
 Regeneration             Chrm/Necr      ##########   1%          3    N/A
 Spectral Weapon          Hex/Chrm       ########     1%          3    N/A
 Spider Form              Tmut/Pois      ########..   1%          3    N/A
 Static Discharge         Conj/Air       ########     1%          3    N/A
 Stone Arrow              Conj/Erth      ######       1%          3    N/A
 Summon Guardian Golem    Hex/Summ       ########     1%          3    N/A
 Teleport Other           Tloc           #######.     1%          3    N/A
 Tukima's Dance           Hex            #######.     1%          3    N/A
 Vampiric Draining        Necr           ##########   1%          3    N/A
 Airstrike                Air            #########.   1%          4    N/A
 Animate Dead             Necr           N/A          1%          4    N/A
 Force Lance              Conj/Tloc      ########     1%          4    N/A
 Fulminant Prism          Conj/Hex       ########..   1%          4    N/A
 Ice Form                 Ice/Tmut       ########     1%          4    N/A
 Iskenderun's Mystic Bla  Conj           ########     1%          4    N/A
 Leda's Liquefaction      Hex/Erth       #########.   1%          4    N/A
 Olgreb's Toxic Radiance  Pois           #######.     1%          4    N/A
 Petrify                  Tmut/Erth      ########     1%          4    N/A
 Sticky Flame             Conj/Fire      ########     1%          4    N/A
 Summon Ice Beast         Ice/Summ       ########     1%          4    N/A
 Summon Lightning Spire   Summ/Air       ########     1%          4    N/A
 Throw Icicle             Conj/Ice       ########     1%          4    N/A
 Agony                    Necr           ########     1%          5    N/A
 Alistair's Intoxication  Tmut/Pois      ########     1%          5    N/A
 Blade Hands              Tmut           #########.   1%          5    N/A
 Bolt of Draining         Conj/Necr      ##########   1%          5    N/A
 Bolt of Magma            Conj/Fire/Erth ##########   1%          5    N/A
 Borgnjor's Vile Clutch   Necr/Erth      ##########   1%          5    N/A
 Dispel Undead            Necr           ########     1%          5    N/A
 Excruciating Wounds      Chrm/Necr      ##########   1%          5    N/A
 Fireball                 Conj/Fire      #########.   1%          5    N/A
 Irradiate                Conj/Tmut      #########.   1%          5    N/A
 Iskenderun's Battlesphe  Conj/Chrm      ########     1%          5    N/A
 Lee's Rapid Deconstruct  Erth           ##########   1%          5    N/A
 Lightning Bolt           Conj/Air       #########.   1%          5    N/A
 Metabolic Englaciation   Hex/Ice        ########..   1%          5    N/A
 Silence                  Hex/Air        ########..   1%          5    N/A
 Summon Forest            Summ/Tloc      ########..   1%          5    N/A
 Summon Mana Viper        Hex/Summ       ########     1%          5    N/A
 Venom Bolt               Conj/Pois      ########..   1%          5    N/A
 Yara's Violent Unravell  Hex/Tmut       ########..   1%          5    N/A
 Bolt of Cold             Conj/Ice       #########.   1%          6    N/A
 Bolt of Fire             Conj/Fire      #########.   1%          6    N/A
 Conjure Ball Lightning   Conj/Air       #########.   1%          6    N/A
 Death Channel            Necr           ##########   1%          6    N/A
 Freezing Cloud           Conj/Ice/Air   #########.   1%          6    N/A
 Hydra Form               Tmut           #########.   1%          6    N/A
 Ozocubu's Refrigeration  Ice            #########.   1%          6    N/A
 Poison Arrow             Conj/Pois      ########..   1%          6    N/A
 Shadow Creatures         Summ           N/A          1%          6    N/A
 Simulacrum               Ice/Necr       ##########   1%          6    N/A
 Statue Form              Tmut/Erth      #########    1%          6    N/A
 Dragon Form              Tmut           #########.   1%          7    N/A
 Haunt                    Necr/Summ      ##########   1%          7    N/A
 Monstrous Menagerie      Summ           #########.   1%          7    N/A
 Orb of Destruction       Conj           #########.   1%          7    N/A
 Ring of Flames           Chrm/Fire      #########.   1%          7    N/A
 Spellforged Servitor     Conj/Summ      #########.   1%          7    N/A
 Summon Greater Demon     Summ           #########.   1%          7    N/A
 Summon Hydra             Summ           #########.   1%          7    N/A
 Borgnjor's Revivificati  Necr           ##########   1%          8    N/A
 Chain Lightning          Conj/Air       #########.   1%          8    N/A
 Death's Door             Chrm/Necr      ##########   1%          8    N/A
 Infestation              Necr           ##########   1%          8    N/A
 Summon Horrible Things   Summ           #########.   1%          8    N/A
 Dragon's Call            Summ           #########.   1%          9    N/A
 Malign Gateway           Summ/Tloc      ########..   2%          7    N/A
 Cause Fear               Hex            #######...   5%          4    N/A
 Darkness                 Hex            #######...   52%         6    N/A
 Dispersal                Tloc           #######...   52%         6    N/A
 Invisibility             Hex            #######.     52%         6    N/A
 Controlled Blink         Tloc           N/A          100%        8    N/A
 Discord                  Hex            #######...   100%        8    N/A
 Disjunction              Tloc           #######...   100%        8    N/A
 Passage of Golubria      Tloc           Unusable     N/A         4    N/A

Dungeon Overview and Level Annotations

Branches:
Dungeon (15/15)            Temple (0/1) D:7            Lair (6/6) D:8
  Swamp (4/4) Lair:2        Snake (4/4) Lair:4        Slime (5/5) Lair:5
    Orc (2/2) D:11            Elf (3/3) Orc:2        Vaults (5/5) D:14
  Crypt (3/3) Vaults:2       Tomb (3/3) Crypt:3      Depths (5/5) D:15
   Hell (visited)             Dis (7/7) Hell            Geh (7/7) Hell
    Coc (7/7) Hell            Tar (7/7) Hell            Zot (5/5) Depths:5
  Sewer (visited)         Ossuary (visited)           IceCv (visited)
 WizLab (visited)         Gauntlet (visited)

Altars:
Dithmenos
Elyvilon
Kikubaaqudgha
Makhleb
Nemelex Xobeh
Qazlal
Trog
Vehumet
Xom
Yredelemnul
The Shining One
Beogh
Jiyva

Shops:
D:8 *   D:12 (   D:13 =   Orc:1 *:   Orc:2 (!:!   Elf:1 %   Elf:2 :
Snake:4 !:   Vaults:1 }=   Vaults:2 =   Vaults:3 *   Depths:1 =

Portals:
Hell: Depths:1 Depths:2 Depths:3 Depths:5
Pandemonium: Depths:3

Annotations:
D:11 2 runed translucent doors, Vugrusac's ghost, journeyman MiFi
D:13 exclusion: obsidian statue
D:14 Roxanne
D:15 1 runed translucent door, Foonlieted's ghost, amateur MiGl
Lair:5 3 runed translucent doors, Jusujuib's ghost, journeyman MiFi
Elf:2 5 runed translucent doors
Tomb:3 Khufu
Depths:1 1 runed translucent door


Innate Abilities, Weirdness & Mutations

You are partially covered in large bone plates. (SH +4)
You possess an exceptional clarity of mind.
Your mind is acute. (Int +2)
You are robust. (+10% HP)
You are weak. (Str -2)
Your spells are a little harder to cast, but a little more powerful.


Message History

You kill the Brimstone Fiend!
Vehumet accepts your kill.
You feel your power returning.
You feel your dexterity returning.
You now have 52/60 mp.
(D) Dungeon (T) Temple (L) Lair (S) Swamp (P) Snake Pit (M) Slime Pits (O) Orcish Mines (E) Elven Halls (V) Vaults (C) Crypt (W) Tomb (U) Depths (H) Hell (I) Dis (G) Gehenna (X) Cocytus (Y) Tartarus (Z) Zot
Where to? (Enter - D:1 @ (x,y), ? - help)
There is a fountain of clear blue water here.
There is an open door here.
A pandemonium lord and a lich come into view.
MP restored: 60 Egel moves out of view.
There is a staircase leading out of the dungeon here.
Unknown command.
The lich gestures wildly while chanting.
You have escaped!

#....##.##........
####.##.##........
########.##.###.....#.
#.....................
#.#######..##........#
#.#######..###.......#
#.##...##..# #......##
#.##...##..# #.#...###
##.##.L.##..# #.##....#
#..##...##..# #.###.#.#
#.###...##..# #.###.#.#
#.####'###..###.#...#.#
#..###L###....#.#......
##..(.......⌠....#.....#
#..#....&........#..⌠...
#.#######.######........
#.# ####&#####.........


You could see Egel and a lich.

Vanquished Creatures
  Cerebov (Pan)
  Asmodeus (Geh:7)
  Antaeus (Coc:7)
  Dissolution (Slime:3)
  the Royal Jelly (Slime:5)
  Ereshkigal (Tar:7)
  Gloorx Vloq (Pan)
  Mnoleg (Pan)
  Dispater (Dis:7)
  Lom Lobon (Pan)
  7 orbs of fire
  Mara (Tomb:3)
  27 ancient liches
  20 juggernauts
  63 greater mummies
  126 pandemonium lords
  Sojobo (Tomb:3)
  Bai Suzhen (Depths:1)
  52 Killer Klowns
  Saint Roka (Snake:4)
  Xtahua (Crypt:1)
  13 shard shrikes
  the Lernaean hydra (Swamp:4)
  Geryon (Hell)
  33 caustic shrikes
  51 golden dragons
  A curse toe (Zig:13)
  Vashnia (Snake:4)
  A mutant beast (WizLab)
  A golden dragon (shapeshifter) (Zig:20)
  3 profane servitors
  15 pearl dragons
  16 bone dragons
  17 Brimstone Fiends
  An iron giant (shapeshifter) (Zig:16)
  6 doom hounds
  33 iron giants
  23 Tzitzimimeh
  24 liches
  47 Hell Sentinels
  51 tentacled monstrosities
  5 electric golems
  21 Ice Fiends
  13 hellephants
  The ghost of Ynisk the Swashbuckler, an adept HaHu of Okawaru (Vaults:1)
  31 deep elf blademasters
  26 Orb Guardians
  7 quicksilver dragons (shapeshifter)
  61 acid blobs
  35 deep elf master archers
  36 titans
  Murray (Hell)
  An eldritch tentacle (Zig:21)
  19 tentacled starspawn
  28 Executioners
  Gastronok (Lair:1)
  An acid blob (shapeshifter) (Zig:21)
  23 quicksilver dragons
  5 death cobs
  37 sphinxes
  5 sphinxes (shapeshifter)
  18 storm dragons
  4 shadow dragons (shapeshifter)
  13 ancient champions
  8 thorn hunters
  12 shadow dragons
  14 tengu reavers
  12 daevas
  15 blood saints
  7 revenants
  163 nagarajas
  3 fire giants (shapeshifter)
  56 draconian monks
  29 azure jellies
  4 azure jellies (shapeshifter)
  34 vault wardens
  74 draconian knights
  23 fire giants
  2 frost giants (shapeshifter)
  12 frost giants
  50 ghost moths
  7 deep elf sorcerers
  A ghost moth (shapeshifter) (Zig:24)
  44 balrugs
  27 cacodemons
  42 iron dragons
  4 emperor scorpions (shapeshifter)
  11 corrupters
  18 angels
  Aizul (Swamp:1)
  11 caustic shrike zombies
  34 draconian scorchers
  66 orc warlords
  5 curse skulls
  59 draconian shifters
  29 emperor scorpions
  23 black suns
  6 juggernaut zombies
  15 warmongers
  55 draconian stormcallers
  16 ghouls
  88 stone giants
  59 draconian annihilators
  3 elemental wellsprings
  12 deep elf elementalists
  18 ophanim
  24 ironheart preservers
  53 entropy weavers
  75 very ugly things
  8 stone giants (shapeshifter)
  16 apis (Zig:25)
  6 juggernaut skeletons
  46 war gargoyles
  7 caustic shrike skeletons
  Nessos (Orc:2)
  79 reapers
  13 vampire knights
  30 bennus
  30 deep elf annihilators
  28 green draconians
  21 white draconians
  23 deep elf demonologists
  30 black draconians
  13 lorocyprocas
  4 dire elephants (shapeshifter)
  27 purple draconians
  3 spark wasps
  17 dire elephants
  34 red draconians
  A spark wasp (shapeshifter) (Zig:25)
  Azrael (Orc:2)
  27 crystal guardians
  50 merfolk javelineers
  33 yellow draconians
  10 eidola
  27 ettins
  A minotaur (Gauntlet)
  9 deep elf death magi
  10 merfolk impalers
  38 blizzard demons
  Josephine (Orc:2)
  19 death oozes
  12 fire dragons
  57 green deaths
  21 deep elf high priests
  15 jiangshi
  39 yaktaur captains
  2 quicksilver dragon zombies
  50 mummy priests
  Erolcha (Orc:2)
  70 hydras
  27 great orbs of eyes
  29 ice dragons
  29 ogre magi
  30 shambling mangroves
  41 naga warriors
  A hydra (shapeshifter) (Zig:21)
  4 quicksilver dragon skeletons
  10 hell beasts
  14 catoblepae
  5 monstrous demonspawn (Pan)
  7 rakshasas
  Erica (Orc:1)
  30 vault guards
  A catoblepas (shapeshifter) (Zig:22)
  16 satyrs
  3 kraken zombies
  7 spriggan air magi
  11 death knights
  42 anacondas
  34 two-headed ogres
  6 ghost crabs
  3 alligator snapping turtles (shapeshifter)
  30 merfolk aquamancers
  8 anacondas (shapeshifter)
  15 centaur warriors
  13 alligator snapping turtles
  3 merfolk avatars
  2 satyrs (shapeshifter)
  2 alligators (shapeshifter)
  85 orc high priests
  78 dancing weapons
  20 alligators
  55 death scarabs
  8 deep troll earth magi
  A two-headed ogre (shapeshifter) (Depths:2)
  5 death yaks
  A spectral fire giant (Zig:7)
  17 vampire magi
  7 deep troll shamans
  27 thrashing horrors
  5 tengu warriors
  25 hell hogs
  39 soul eaters
  A queen ant (shapeshifter) (WizLab)
  49 shock serpents
  75 naga sharpshooters
  4 titan zombies
  81 deep elf knights
  17 hell knights
  3 shock serpents (shapeshifter)
  2 spriggan berserkers
  15 iron golems
  41 sun demons
  6 storm dragon zombies
  27 shadow wraiths
  3 salamander mystics
  Nergalle (D:10)
  31 iron trolls
  9 titan skeletons
  2 storm dragon skeletons
  A spectral spriggan (Zig:7)
  A fire crab (shapeshifter) (Zig:25)
  19 sea snakes
  32 wretched stars
  15 sixfirhies
  A spark wasp zombie (Zig:6)
  22 flayed ghosts
  74 skeletal warriors
  An anaconda zombie (Geh:2)
  7 spatial maelstroms
  11 cherubim (Zig:25)
  12 spriggan druids
  2 glowing orange brains
  A ghost moth zombie (Coc:7)
  24 death drakes
  2 unseen horrors (shapeshifter)
  19 shadow demons
  A death drake (shapeshifter) (Zig:17)
  25 deep trolls
  4 golden dragon zombies
  3 glowing orange brains (shapeshifter)
  2 iron trolls (shapeshifter) (Zig:25)
  A quicksilver dragon simulacrum (Coc:2)
  20 phantasmal warriors
  4 sea snakes (shapeshifter)
  7 gelid demonspawn (Pan)
  7 wizards
  60 deep elf archers
  A lindwurm (Zig:9)
  5 unseen horrors
  9 infernal demonspawn (Pan)
  3 lindwurms (shapeshifter)
  29 starcursed masses
  3 torturous demonspawn
  32 swamp dragons
  5 anaconda skeletons
  10 obsidian statues
  13 orange crystal statues
  24 naga ritualists
  4 wolf spider zombies
  12 golden dragon skeletons
  38 ironbrand convokers
  56 orc knights
  3 swamp dragons (shapeshifter)
  4 harpies (shapeshifter)
  20 harpies
  An orb spider (shapeshifter) (Vaults:2)
  5 iron dragon zombies
  4 shadow dragon zombies
  20 mana vipers
  16 fauns
  17 necromancers
  36 wolf spiders
  4 tengu zombies
  2 stone giant zombies
  2 fauns (shapeshifter)
  A mana viper (shapeshifter) (Vaults:5)
  3 wolf spiders (shapeshifter)
  2 shining eyes (shapeshifter)
  40 orb spiders
  179 deep elf magi
  3 frost giant zombies
  24 shining eyes
  21 oklob plants
  7 sphinx zombies
  22 cyclopes
  6 tengu skeletons
  17 salamanders
  8 fire giant zombies
  54 orc sorcerers
  2 cyclopes (shapeshifter)
  79 moths of wrath
  A frost giant skeleton (Zig:13)
  156 slime creatures
  5 elephants (shapeshifter)
  54 ugly things
  6 draconians (Abyss:5)
  7 shadow dragon skeletons
  16 manticores
  2 moths of wrath (shapeshifter)
  3 dire elephant zombies
  4 guardian serpents (shapeshifter)
  A salamander (shapeshifter) (WizLab)
  A toenail golem (Zig:14)
  5 worldbinders
  3 eyes of devastation (shapeshifter)
  2 glowing shapeshifters
  7 iron dragon skeletons
  A centaur zombie (D:15)
  15 elephants
  6 spriggan zombies
  26 water nymphs
  6 fire giant skeletons
  A titan simulacrum (Zig:16)
  8 sphinx skeletons
  3 molten gargoyles
  133 black mambas
  3 stone giant skeletons
  35 apocalypse crabs
  28 rust devils
  71 naga magi
  Maurice (D:8)
  8 eyes of devastation
  39 smoke demons
  3 water nymphs (shapeshifter)
  A torpor snail (shapeshifter) (Zig:22)
  57 guardian serpents
  14 merfolk sirens
  23 ice statues
  20 orange demons
  47 spiny frogs
  31 vault sentinels
  A dire elephant skeleton (Geh:4)
  A storm dragon simulacrum (Vaults:5)
  12 elf zombies
  36 hellions
  38 torpor snails
  6 spriggan skeletons
  22 gargoyles
  A rime drake (shapeshifter) (WizLab)
  86 yaktaurs
  A purple draconian zombie (Crypt:3)
  13 efreet
  19 ancient zymes
  10 rime drakes
  66 freezing wraiths
  A yaktaur (shapeshifter) (Zig:22)
  14 komodo dragons
  2 komodo dragons (shapeshifter)
  4 tengu conjurers
  53 tormentors
  34 ice devils
  A sea snake skeleton (Crypt:3)
  32 demonic crawlers
  A green draconian skeleton (Crypt:1)
  130 guardian mummies
  25 red devils
  8 hydra zombies
  11 hellwings
  A yaktaur skeleton (Vaults:5)
  An anaconda simulacrum (Crypt:2)
  8 wind drakes
  A polar bear (shapeshifter) (WizLab)
  2 queen bees (shapeshifter)
  A minotaur skeleton (Crypt:3)
  3 jumping spiders (shapeshifter)
  36 trolls
  A sphinx simulacrum (Zig:16)
  60 merfolk
  11 polar bears
  10 tyrant leeches
  A meliai (Zig:17)
  2 trolls (shapeshifter)
  4 harpy zombies
  5 wind drakes (shapeshifter)
  A death drake zombie (Crypt:2)
  2 shadow dragon simulacra
  27 jumping spiders
  2 hornets (shapeshifter)
  3 merfolk (shapeshifter)
  4 meliai (shapeshifter)
  3 harpy skeletons
  81 hornets
  A slime creature (shapeshifter) (WizLab)
  3 snapping turtles (shapeshifter)
  5 dream sheep
  4 ettin zombies
  A moth of wrath zombie (Crypt:3)
  An alligator zombie (Crypt:1)
  33 blink frogs
  13 snapping turtles
  20 bog bodies
  23 raiju
  3 fire dragon zombies
  A fire giant simulacrum (Vaults:3)
  A blink frog (shapeshifter) (WizLab)
  3 hippogriffs (shapeshifter)
  2 raiju (shapeshifter)
  3 dream sheep (shapeshifter)
  24 hippogriffs
  5 hydra skeletons
  A black mamba zombie (Crypt:2)
  5 fire dragon skeletons
  86 flying skulls
  A frost giant simulacrum (Crypt:2)
  4 spriggans (shapeshifter)
  A stone giant simulacrum (Vaults:5)
  3 redbacks (shapeshifter)
  30 tarantellas
  41 redbacks
  4 spriggans
  24 air elementals
  2 alligator skeletons
  36 shadows
  4 ice dragon skeletons
  3 tarantellas (shapeshifter)
  48 water elementals
  31 ynoxinuls
  3 humans (shapeshifter) (WizLab)
  3 yaks (shapeshifter)
  2 basilisks (shapeshifter)
  2 fire bats (Geh:7)
  3 elf simulacra (Zig:16)
  2 ettin skeletons
  A human (D:7)
  34 wraiths
  48 ushabtiu
  7 basilisks
  22 neqoxecs
  12 wyverns
  56 yaks
  2 death yak simulacra (IceCv)
  2 hogs (shapeshifter)
  13 golden eyes
  32 chaos spawn
  77 large abominations
  30 fire elementals
  A golden eye (shapeshifter) (Zig:17)
  45 vampire mosquitoes
  4 hungry ghosts
  4 hogs (D:7)
  A catoblepas simulacrum (Crypt:3)
  2 spatial vortices (Zig:20)
  12 swamp worms
  4 human simulacra
  17 insubstantial wisps
  52 wargs
  2 soldier ants
  A two-headed ogre zombie (Crypt:2)
  76 nagas
  An acid dragon (shapeshifter) (WizLab)
  6 swamp worms (shapeshifter)
  3 acid dragons
  2 hydra simulacra
  4 spiny frog zombies
  39 hell hounds
  33 water moccasins
  5 floating eyes (shapeshifter)
  8 floating eyes
  6 porcupines
  6 sky beasts
  3 merfolk skeletons
  A two-headed ogre skeleton (Crypt:3)
  A deep troll skeleton (Vaults:5)
  16 ice beasts
  210 orc warriors
  3 spiny frog skeletons
  2 black bears (D:11)
  4 snapping turtle zombies
  24 swamp drakes
  4 phantoms
  2 swamp dragon zombies
  15 boggarts
  3 black bears (shapeshifter)
  12 necrophages
  14 wolves
  26 centaurs
  102 ogres
  27 eyes of draining
  17 elf skeletons
  4 snapping turtle skeletons
  2 centaurs (shapeshifter)
  34 crocodiles
  A salamander zombie (Crypt:1)
  24 bullfrogs
  23 small abominations
  4 big kobolds
  4 gnoll sergeants
  A wyvern zombie (D:10)
  A glowing shapeshifter simulacrum (Zig:26)
  36 earth elementals
  A water moccasin zombie (Ossuary)
  2 scorpions
  A polar bear skeleton (Crypt:1)
  2 troll skeletons
  A warg skeleton (Crypt:2)
  4 killer bees (D:9)
  A snapping turtle simulacrum (Tomb:3)
  19 wights
  A howler monkey (D:6)
  An electric eel (Lair:2)
  5 bullfrog zombies
  2 lava snakes (Snake:1)
  15 crimson imps
  3 draconian simulacra (IceCv)
  A quasit (D:14)
  28 iron imps
  4 hounds
  A human zombie (Tomb:2)
  5 jellies
  65 orc wizards
  3 bullfrog skeletons
  36 orc priests
  8 centaur skeletons
  A human skeleton (Coc:6)
  7 iguanas
  5 spriggan simulacra (IceCv)
  16 worker ants
  9 hell rats
  2 lightning spires (Zig:27)
  2 polar bear simulacra (IceCv)
  3 troll simulacra (IceCv)
  A big kobold zombie (Ossuary)
  A naga zombie (Crypt:2)
  2 centaur simulacra (IceCv)
  A hound zombie (D:7)
  2 hound skeletons (D:7)
  129 mummies
  A howler monkey zombie (D:8)
  A worker ant zombie (D:8)
  7 gnolls
  12 adders
  3 naga simulacra (IceCv)
  4 ogre simulacra (IceCv)
  11 river rats (Lair:4)
  12 shadow imps
  A steam dragon skeleton (Crypt:3)
  29 white imps
  6 adder zombies
  An adder skeleton (D:6)
  9 worms
  8 ball lightnings (Pan)
  3 dart slugs
  7 leopard geckos
  110 orcs
  6 bats
  2 giant cockroaches (D:2)
  4 gnoll zombies (Ossuary)
  6 hobgoblins
  2 jackals (D:11)
  5 quokkas
  5 ball pythons
  3 frilled lizards
  9 goblins
  7 hobgoblin zombies (Ossuary)
  2 jackal skeletons
  20 kobolds
  A kobold skeleton (Geh:7)
  5 kobold zombies
  An orc skeleton (Geh:3)
  5 orc zombies (Ossuary)
  14 rats
  25 blocks of ice
  61 fire vortices
  3 fungi
  2 lurking horrors
  9 plants
  4 starspawn tentacles
  3 tentacles (Coc:7)
  2 withered plants (Swamp:1)
10030 creatures vanquished.

Vanquished Creatures (collateral kills)
  the Serpent of Hell (Coc:7)
  2 Killer Klowns
  A doom hound (Tar:7)
  A Tzitzimitl (Tar:7)
  Rupert (Orc:2)
  An iron giant (Zig:12)
  A lich (Vaults:4)
  2 titans
  A tentacled starspawn (Zig:21)
  4 acid blobs
  A draconian monk (Zig:27)
  2 shadow dragons (shapeshifter)
  A storm dragon (Zig:15)
  An azure jelly (Slime:5)
  2 draconian knights
  A pandemonium lord (Zig:24)
  A ghost moth (Zig:23)
  A draconian shifter (Zig:27)
  A draconian stormcaller (Zig:27)
  An angel (Zig:25)
  An emperor scorpion (Zig:10)
  A war gargoyle (Zig:15)
  An ophan (Zig:25)
  A draconian annihilator (Zig:26)
  A caustic shrike skeleton (Zig:18)
  A green draconian (Zig:13)
  An entropy weaver (Zig:23)
  4 stone giants
  3 black draconians
  A black sun (Zig:14)
  A white draconian (Zig:27)
  2 dire elephants (shapeshifter) (Zig:25)
  A red draconian (Zig:27)
  A purple draconian (Zig:27)
  Snorg (Orc:1)
  A green death (Pan)
  A hydra (Zig:23)
  A dancing weapon (Zig:11)
  A storm dragon zombie (Zig:26)
  2 wretched stars (Zig:21)
  An iron troll (Zig:21)
  A shadow wraith (Tar:7)
  A glowing orange brain (shapeshifter) (Zig:22)
  An obsidian statue (Zig:18)
  A glowing orange brain (Pan)
  A shadow demon (Tar:7)
  A harpy (Zig:25)
  A sphinx zombie (Zig:12)
  2 phantasmal warriors (Tar:7)
  An orc knight (Zig:18)
  A tengu zombie (Zig:12)
  A fire giant zombie (Zig:12)
  A mana viper (Zig:19)
  A black mamba (Zig:19)
  3 smoke demons (Pan)
  2 spiny frogs (Zig:23)
  A water nymph (Zig:25)
  An elf zombie (Zig:26)
  An ice devil (Coc:7)
  A rime drake (shapeshifter) (Zig:20)
  A guardian mummy (Zig:26)
  2 hellwings (Pan)
  A troll (Orc:2)
  A dream sheep (Zig:23)
  2 slime creatures
  A raiju (Zig:24)
  A redback (shapeshifter) (Zig:16)
  A flying skull (Zig:26)
  A redback (Zig:7)
  A golden eye (Zig:24)
  2 chaos spawn (Zig:20)
  A naga (Zig:23)
  4 orc warriors
  2 necrophages
  An ice beast (shapeshifter) (Zig:25)
  An eye of draining (Zig:24)
  An ogre (Orc:2)
  An elf simulacrum (Zig:24)
  3 orc priests (Zig:21)
  2 orc wizards
  18 mummies
  A shadow imp (Zig:13)
  A fire vortex (Zig:26)
  A starspawn tentacle (Zig:24)
129 creatures vanquished.

Vanquished Creatures (others)
  2 Killer Klowns (Zig:24)
  A golden dragon (Vaults:5)
  An eldritch tentacle (Tar:7)
  A dancing weapon (Zig:17)
  A deep elf mage (Zig:7)
  A salamander (shapeshifter) (Zig:24)
  A hellwing (Pan)
  A hornet (Zig:26)
  A golden eye (shapeshifter) (Zig:19)
  A fire bat (Geh:7)
  A naga (shapeshifter) (Depths:1)
  A small abomination (Zig:21)
  An alligator simulacrum (Hell)
  An eye of draining (shapeshifter) (Zig:24)
  An ogre (D:5)
  A manticore zombie (Coc:7)
  4 ball lightnings (Pan)
  39 blocks of ice
  2 demonic plants (Pan)
  1968 fire vortices
  9 fungi
  17 plants
  12 starspawn tentacles
  9 tentacles
  10 withered plants (Swamp:1)
2087 creatures vanquished.

Grand Total: 12246 creatures vanquished

Notes
Turn   | Place    | Note
-------+----------+-------------------------------------------
     0 | D:1      | DEFE the Deep Elf Fire Elementalist began the quest for the
                  | Orb.
     0 | D:1      | Reached XP level 1. HP: 10/10 MP: 6/6
   242 | D:1      | Reached XP level 2. HP: 15/15 MP: 8/8
  1049 | D:2      | Reached XP level 3. HP: 12/19 MP: 3/10
  1265 | D:2      | Learned a level 3 spell: Conjure Flame
  1489 | D:2      | Reached XP level 4. HP: 22/24 MP: 4/12
  1886 | D:3      | Found a basalt altar of Yredelemnul.
  1979 | D:3      | Found a white marble altar of Elyvilon.
  1995 | D:3      | Noticed an air elemental
  1996 | D:3      | Found a stormy altar of Qazlal.
  1999 | D:3      | Noticed a fire elemental
  1999 | D:3      | Noticed an earth elemental
  1999 | D:3      | Noticed a water elemental
  2191 | D:3      | Learned a level 4 spell: Sticky Flame
  2304 | D:3      | Found a radiant altar of Vehumet.
  2354 | D:3      | Became a worshipper of Vehumet
  2490 | D:4      | Noticed a crocodile
  2506 | D:4      | Killed a crocodile
  2506 | D:4      | Reached XP level 5. HP: 28/28 MP: 5/14
  2582 | D:4      | Found a glowing drain.
  2634 | D:4      | Reached skill level 5 in Spellcasting
  2781 | D:3      | Reached XP level 6. HP: 32/32 MP: 6/15
  2861 | D:4      | Reached skill level 5 in Fire Magic
  2913 | Sewer    | Entered a sewer
  3117 | Sewer    | Reached * piety under Vehumet
  3117 | Sewer    | Offered knowledge of Sting by Vehumet.
  3203 | Sewer    | Learned a level 5 spell: Fireball
  3714 | D:4      | Reached XP level 7. HP: 36/36 MP: 14/18
  3995 | D:4      | Found a shadowy altar of Dithmenos.
  4509 | D:4      | Reached ** piety under Vehumet
  5043 | D:5      | Entered Level 5 of the Dungeon
  5093 | D:5      | Offered knowledge of Shock by Vehumet.
  5335 | D:5      | Reached skill level 1 in Shields
  5335 | D:5      | Reached skill level 5 in Conjurations
  5385 | D:5      | You fall into a shaft and drop 3 floors!
  5385 | D:8      | Found Viamig's Assorted Antiques.
  5387 | D:8      | Bought an embroidered robe for 111 gold pieces
  5387 | D:8      | Bought a wavering tin ring for 150 gold pieces
  5398 | D:8      | Identified the ring of Oraimin {rF+ rC+ Str+3} (You bought
                  | it in a shop on level 8 of the Dungeon)
  5427 | D:8      | Found a sand-covered staircase.
  5432 | Ossuary  | Entered an ossuary
  5485 | Ossuary  | Reached XP level 8. HP: 32/41 MP: 9/20
  5614 | Ossuary  | Offered knowledge of Ignite Poison by Vehumet.
  5720 | Ossuary  | Reached *** piety under Vehumet
  5903 | D:8      | Found a staircase to the Lair.
  5913 | D:8      | Reached skill level 1 in Evocations
  6027 | D:7      | Noticed a hippogriff
  6037 | D:7      | Killed a hippogriff
  6154 | D:7      | Offered knowledge of Iskenderun's Mystic Blast by Vehumet.
  6361 | D:7      | Reached XP level 9. HP: 42/45 MP: 16/23
  6916 | D:6      | Reached **** piety under Vehumet
  7046 | D:6      | Got a dazzling flail
  7047 | D:6      | Identified the +9 flail of the Dungeon {elec, rF+ rN++
                  | Int-3 Stlth+} (You found it on level 6 of the Dungeon)
  7340 | D:6      | Found a burning altar of Makhleb.
  7389 | D:7      | Found a staircase to the Ecumenical Temple.
  7782 | D:7      | Reached skill level 5 in Evocations
  7827 | D:7      | Offered knowledge of Yara's Violent Unravelling by Vehumet.
  7973 | D:8      | Found a glowing golden altar of the Shining One.
  8044 | D:8      | Bought an embroidered robe for 111 gold pieces
  8044 | D:8      | Bought a scroll labeled JEGOACVAORA for 30 gold pieces
  8044 | D:8      | Bought a scroll labeled SEQOGR DONG for 30 gold pieces
  8186 | D:8      | Reached XP level 10. HP: 50/50 MP: 20/25
  8235 | D:8      | Noticed Maurice
  8246 | D:8      | Killed Maurice
  8306 | D:8      | Reached skill level 10 in Spellcasting
 10006 | D:10     | Entered Level 10 of the Dungeon
 10968 | D:10     | Noticed Nergalle
 10976 | D:10     | Killed Nergalle
 11322 | D:10     | Reached XP level 11. HP: 53/54 MP: 23/28
 11593 | D:11     | Noticed a two-headed ogre
 11606 | D:11     | Killed a two-headed ogre
 11606 | D:11     | Reached skill level 10 in Fire Magic
 11771 | D:11     | Found a large runed translucent door.
 11772 | D:11     | Found a large runed translucent door.
 11774 | D:11     | Noticed Vugrusac's ghost (journeyman MiFi)
 11775 | D:11     | Found the cursed +13 scythe of Curses {drain, *Curse}
 11815 | D:11     | Reached ***** piety under Vehumet
 11831 | D:11     | Noticed a seven-headed hydra
 12152 | D:11     | Offered knowledge of Spellforged Servitor by Vehumet.
 12469 | D:11     | Got a polished whip
 12470 | D:11     | Identified the +9 whip "Ultimatum" {pain, Dex+2} (You found
                  | it on level 11 of the Dungeon)
 12651 | D:11     | Killed a seven-headed hydra
 13065 | D:11     | Found a staircase to the Orcish Mines.
 13348 | Lair:1   | Entered Level 1 of the Lair of Beasts
 13348 | Lair:1   | Noticed a four-headed hydra
 13353 | Lair:1   | Killed a four-headed hydra
 13528 | Lair:1   | Reached skill level 10 in Conjurations
 13953 | Lair:1   | Noticed Gastronok
 14992 | Lair:2   | wingboner: >акробат
 14996 | Lair:2   | DEFE: ага
 15055 | Lair:2   | Found a frozen archway.
 15067 | IceCv    | Entered an ice cave
 15314 | IceCv    | Reached XP level 12. HP: 59/59 MP: 26/30
 15599 | IceCv    | Found an ancient bone altar of Kikubaaqudgha.
 15837 | IceCv    | Offered knowledge of Bolt of Draining by Vehumet.
 16163 | IceCv    | wingboner: >что будет, если засунуть утюг в холодильник
 16281 | Lair:2   | DEFE: термодинамика
 16606 | Lair:2   | wingboner: Реально когда-то это была одна из тех задачек,
                  | которыми даже самого тупого двоечника можно заинтересовать
                  | физикой, кек. А у тебя тут натурный эксперимент был — FE в
                  | ice cave.
 16773 | Lair:2   | Found a staircase to the Swamp.
 16776 | Lair:2   | Reached skill level 10 in Evocations
 16950 | Lair:2   | Noticed a death yak
 16950 | Lair:2   | Noticed a death yak
 16952 | Lair:2   | Noticed a death yak
 16964 | Lair:2   | Killed a death yak
 17002 | Lair:2   | Killed a death yak
 17146 | Lair:2   | Killed a death yak
 17650 | Lair:3   | Noticed an eight-headed hydra
 17654 | Lair:3   | Killed an eight-headed hydra
 18083 | Lair:3   | Reached skill level 5 in Dodging
 18505 | Lair:3   | Reached XP level 13. HP: 63/63 MP: 18/33
 20441 | Lair:4   | Offered knowledge of Orb of Destruction by Vehumet.
 20443 | Lair:4   | DEFE: НИНУЖНООРБ
 20629 | Lair:4   | wingboner: Что-что?
 20631 | Lair:4   | wingboner: Кек.
 20631 | Lair:4   | DEFE: вех
 20658 | Lair:4   | DEFE: так
 20658 | Lair:4   | DEFE: у меня пропал
 20658 | Lair:4   | DEFE: слизень в шапке
 20658 | Lair:4   | DEFE: я думал он упал
 20658 | Lair:4   | DEFE: но чето нет
 20658 | Lair:4   | DEFE: а там си ина
 20711 | Lair:4   | Found a staircase to the Snake Pit.
 20718 | Lair:4   | wingboner: Может, просто глубоко упал.
 21186 | Lair:5   | Found a runed translucent gate.
 21187 | Lair:5   | Found a runed translucent gate.
 21187 | Lair:5   | Noticed Jusujuib's ghost (journeyman MiFi)
 21188 | Lair:5   | Found a runed translucent gate.
 21438 | Lair:5   | Found the +3 robe of Clouds {+Thunder rCloud rElec}
 21466 | Lair:5   | Found a viscous altar of Jiyva.
 21466 | Lair:5   | Found a staircase to the Slime Pits.
 22057 | Lair:6   | Entered Level 6 of the Lair of Beasts
 22173 | Lair:6   | Identified a scroll of acquirement
 22180 | Lair:6   | Reached skill level 15 in Spellcasting
 22188 | Lair:6   | Got a transparent helmet
 22199 | Lair:6   | Identified the +2 helmet of Hiagoteg {rC+} (You acquired it
                  | on level 6 of the Lair of Beasts)
 22867 | Lair:6   | DEFE: о лол
 22867 | Lair:6   | DEFE: а прикольно
 22867 | Lair:6   | DEFE: оно работает
 22887 | Lair:6   | wingboner: Что именно?
 22889 | Lair:5   | DEFE: роба
 22895 | Lair:5   | wingboner: А.
 22910 | Lair:5   | wingboner: У Нема карта подобная есть.
 23015 | Lair:5   | DEFE: у нема другая
 23015 | Lair:5   | DEFE: эта круче
 23688 | Lair:6   | Reached XP level 14. HP: 68/68 MP: 31/35
 25223 | Lair:1   | Killed Gastronok
 25223 | Lair:1   | Offered knowledge of Bolt of Cold by Vehumet.
 25529 | Orc:1    | Entered Level 1 of the Orcish Mines
 25530 | Orc:1    | Noticed Snorg
 25534 | Orc:1    | Noticed Erica
 25539 | Orc:1    | Found Uqofri's Book Boutique.
 26684 | Orc:1    | Killed Snorg
 26744 | Orc:1    | Killed Erica
 26806 | Orc:1    | DEFE: ох
 26806 | Orc:1    | DEFE: неплохо
 26806 | Orc:1    | Bought a book of Fire for 780 gold pieces
 26813 | Orc:1    | Learned a level 6 spell: Bolt of Fire
 26822 | Orc:1    | Learned a level 8 spell: Ignition
 26932 | Orc:1    | Found Leiniub's Assorted Antiques.
 27603 | Orc:2    | Entered Level 2 of the Orcish Mines
 27910 | Orc:2    | Noticed Rupert
 27918 | Orc:2    | Killed Rupert
 27919 | Orc:2    | DEFE: звери имба
 27924 | Orc:2    | Reached skill level 10 in Dodging
 28407 | Orc:2    | Found a bloodstained altar of Trog.
 28509 | Orc:2    | Found a staircase to the Elven Halls.
 28591 | Orc:2    | Reached skill level 1 in Fighting
 28789 | Orc:2    | Noticed Josephine
 28794 | Orc:2    | Killed Josephine
 29087 | Orc:2    | Noticed Nessos
 29092 | Orc:2    | Killed Nessos
 29092 | Orc:2    | Offered knowledge of Ozocubu's Refrigeration by Vehumet.
 29393 | Orc:2    | wingboner: Призывы в принципе имба.
 29397 | Orc:2    | wingboner: Потому их и нерфили много раз.
 29397 | Orc:2    | DEFE: не все
 29399 | Orc:2    | DEFE: эвочные и инвочные да
 29399 | Orc:2    | DEFE: а спеллами так себе
 29413 | Orc:2    | Noticed Azrael
 29414 | Orc:2    | wingboner: Магические тоже. Монстрячье сборище, порно,
                  | тентакля...
 29419 | Orc:2    | Killed Azrael
 29484 | Orc:2    | DEFE: тентакля да и монстрячье сборище неплохи
 29484 | Orc:2    | DEFE: это да
 29513 | Orc:2    | wingboner: Драконы сильны, но ИМХО на уровне восьмёрки всё
                  | же.
 29524 | Orc:2    | wingboner: Они где-то рядом с раздором и выжиганием, а не
                  | другими девятками.
 29524 | Orc:2    | DEFE: драконы это мхех
 29635 | Orc:2    | DEFE: не знаю почему они в 9
 29635 | Orc:2    | DEFE: тентаклия и то полезнее
 29663 | Orc:2    | Found Acafis's Antique Weapon Emporium.
 29736 | Orc:2    | Found an ancient bone altar of Kikubaaqudgha.
 29743 | Orc:2    | wingboner: Ну я сразу это и сказал. Не, они посильнее
                  | тентакли на каком-нибудь гибридоиде. Но явно не девятка.
 29759 | Orc:2    | Found Niblea's Distillery.
 29817 | Orc:2    | Noticed Erolcha
 29820 | Orc:2    | wingboner: Тем более маны жрёт вообще неимоверное
                  | количество.
 29824 | Orc:2    | wingboner: Самое прожорливое заклинание в игре.
 29825 | Orc:2    | Killed Erolcha
 29886 | Orc:2    | DEFE: сравни с торнадо
 29886 | Orc:2    | DEFE: где маны чуть
 30031 | Orc:2    | Found a radiant altar of Vehumet.
 30037 | Orc:2    | Found Ashoymn's Book Emporium.
 30037 | Orc:2    | Found a roughly hewn altar of Beogh.
 30081 | Orc:2    | Found Opheaq's Distillery.
 30083 | Orc:2    | DEFE: ух
 30083 | Orc:2    | DEFE: Земля и повер
 30083 | Orc:2    | DEFE: в довесок
 30083 | Orc:2    | wingboner: Ну да, оно мне пару раз попадалось единственным
                  | заклинанием в книге grimoire of greatest utility, и чистая
                  | правда ж.
 30144 | Orc:2    | wingboner: И негромутация.
 30144 | Orc:2    | wingboner: Всё, можно идти на 15.
 30189 | Orc:2    | DEFE: обычно в этом бранче есть арчмаги
 30189 | Orc:2    | DEFE: но в этом раз не повезло
 30301 | D:12     | wingboner: ЕМНИП, Вех не даёт девятки, которые у тебя уже
                  | есть, верно?
 30362 | D:12     | DEFE: да
 30362 | D:12     | wingboner: Тогда покупай и учи шатёр.
 30362 | D:12     | DEFE: поэтому сейчас надо купить землю
 30362 | D:12     | DEFE: только денег нет
 30362 | D:12     | DEFE: учить не обязательно
 30362 | D:12     | DEFE: достаточно иметь
 30425 | D:12     | wingboner: Ну орков гопнуть ты уже можешь.
 30431 | D:12     | wingboner: Или потратил?
 30431 | D:12     | Reached XP level 15. HP: 77/77 MP: 15/37
 30432 | D:12     | DEFE: так я только их орков
 30432 | D:12     | DEFE: они нищие
 30432 | D:12     | DEFE: оказались
 30441 | D:12     | wingboner: Эх. А точно все лестницы проверил?
 30452 | D:11     | DEFE: да
 30861 | D:12     | Offered knowledge of Conjure Ball Lightning by Vehumet.
 31283 | D:12     | Found a sparkling altar of Nemelex Xobeh.
 31495 | D:12     | Found Woatohyb's Antique Weapon Shop.
 31950 | D:13     | wingboner: Эх, мне спать пора. Успехов тут.
 31960 | D:13     | DEFE: давац
 32520 | D:13     | Goblin1989: ты чего?
 32599 | D:13     | DEFE: ?
 32612 | D:13     | Found Unnotipe's Jewellery Shoppe.
 32620 | D:13     | Goblin1989: решил стариной тряхнуть?
 32620 | D:13     | DEFE: лол
 32620 | D:13     | DEFE: типа того
 33483 | Orc:2    | Bought a book of the Earth for 910 gold pieces
 33490 | Orc:2    | Learned a level 6 spell: Iron Shot
 33682 | D:14     | Reached skill level 1 in Earth Magic
 33775 | D:14     | Found a gate leading to a gauntlet.
 33778 | D:14     | Noticed Roxanne
 33781 | Gauntlet | Entered a Gauntlet
 33781 | Gauntlet | Found a transporter.
 33781 | Gauntlet | Found a transporter.
 33822 | Gauntlet | Found a transporter.
 33838 | Gauntlet | Found a transporter.
 33845 | Gauntlet | Found a runed translucent door.
 33848 | Gauntlet | Found a transporter.
 33850 | Gauntlet | Found a transporter.
 33863 | Gauntlet | Found a transporter.
 33874 | Gauntlet | Found a transporter.
 33888 | Gauntlet | Found a transporter.
 33892 | Gauntlet | Found a transporter.
 33894 | Gauntlet | Found a runed translucent door.
 33896 | Gauntlet | Found a runed translucent door.
 33900 | Gauntlet | Found a transporter.
 33904 | Gauntlet | Found a transporter.
 33928 | Gauntlet | Reached skill level 15 in Fire Magic
 34358 | Gauntlet | Identified the +0 pair of gloves "Zucuf" {+Inv Regen+} (You
                  | found it in a Gauntlet)
 35476 | D:14     | Found a gate to the Vaults.
 35694 | D:15     | Entered Level 15 of the Dungeon
 35973 | D:15     | Reached skill level 5 in Fighting
 36118 | D:15     | Found a staircase to the Depths.
 36465 | D:15     | Found a runed translucent door.
 36468 | D:15     | Found a shimmering altar of Xom.
 36468 | D:15     | Noticed Foonlieted's ghost (amateur MiGl)
 36628 | D:15     | Reached skill level 15 in Conjurations
 37468 | Swamp:1  | Entered Level 1 of the Swamp
 37477 | Swamp:1  | Reached ****** piety under Vehumet
 38065 | Swamp:1  | Reached XP level 16. HP: 64/88 MP: 14/39
 38198 | Swamp:1  | Noticed a thorn hunter
 38201 | Swamp:1  | Killed a thorn hunter
 38290 | Swamp:1  | Reached skill level 5 in Earth Magic
 38299 | Swamp:1  | Offered knowledge of Freezing Cloud by Vehumet.
 38537 | Swamp:1  | Noticed a thorn hunter
 38539 | Swamp:1  | Killed a thorn hunter
 38678 | Swamp:1  | Gebura: &dump
 38680 | Swamp:1  | beem:
                  | http://www.underhound.eu:81/crawl/morgue/Gebura/Gebura.txt
 38890 | Swamp:1  | Gebura: бля. А че не твой дамп
 38890 | Swamp:1  | DEFE: надо ник
 38890 | Swamp:1  | Gebura: &dump DEFE
 38890 | Swamp:1  | beem:
                  | http://www.underhound.eu:81/crawl/morgue/DEFE/DEFE.txt
 39379 | Swamp:2  | Noticed Aizul
 39381 | Swamp:2  | Gebura: а. те сохраниться надо для дампа. лан
 39391 | Swamp:1  | Killed Aizul
 42944 | Swamp:4  | Entered Level 4 of the Swamp
 43318 | Swamp:3  | Learned a level 6 spell: Freezing Cloud
 43428 | Swamp:4  | Noticed a thorn hunter
 43429 | Swamp:4  | Killed a thorn hunter
 43963 | Swamp:4  | Offered knowledge of Lehudib's Crystal Spear by Vehumet.
 43963 | Swamp:4  | Offered knowledge of Fire Storm by Vehumet.
 43963 | Swamp:4  | Offered knowledge of Glaciate by Vehumet.
 44817 | Swamp:4  | Got a decaying rune of Zot
 44941 | Swamp:4  | Noticed the 27-headed Lernaean hydra
 44949 | Swamp:4  | Killed the 27-headed Lernaean hydra
 44949 | Swamp:4  | Reached XP level 17. HP: 96/96 MP: 18/41
 45759 | D:13     | Bought a cursed amulet of magic regeneration for 405 gold
                  | pieces
 45800 | Vaults:1 | Entered Level 1 of the Vaults
 45800 | Vaults:1 | Found Weacheg's Gadget Emporium.
 45814 | Vaults:1 | Reached skill level 1 in Ice Magic
 46394 | Vaults:1 | Found a runed translucent door.
 46394 | Vaults:1 | Found a shimmering altar of Xom.
 46394 | Vaults:1 | Noticed Ynisk's ghost (adept HaHu)
 46899 | Vaults:1 | Found Byny's Jewellery Shop.
 47222 | Vaults:1 | Reached skill level 5 in Ice Magic
 48071 | Vaults:1 | Killed Ynisk's ghost
 48709 | Vaults:2 | Reached XP level 18. HP: 68/104 MP: 3/43
 48891 | Vaults:2 | Found a staircase to the Crypt.
 48891 | Vaults:2 | Found a basalt altar of Yredelemnul.
 48892 | Vaults:2 | Found an ancient bone altar of Kikubaaqudgha.
 49392 | Vaults:2 | Reached skill level 10 in Earth Magic
 49545 | Vaults:2 | Found Lepnu's Jewellery Emporium.
 50585 | Vaults:3 | Found Vudghuzi's Assorted Antiques.
 50613 | Vaults:3 | Bought a blackened granite ring for 190 gold pieces
 50675 | Vaults:3 | Found a magical portal.
 51290 | WizLab   | Reached skill level 10 in Ice Magic
 51328 | WizLab   | Got a flickering granite ring
 51387 | WizLab   | Identified Cigotuvi's Guide on Unholy Transmigration
 51389 | WizLab   | Identified the Incunabulum of Transmutation
 51392 | WizLab   | Identified the Disquisition on Shape Shifting
 52252 | Vaults:3 | Identified the ring of Moderation {Wiz *Corrode rPois rN+
                  | Dex+2} (You found it in a wizard's laboratory)
 52406 | Vaults:3 | Reached XP level 19. HP: 111/111 MP: 38/45
 53099 | Vaults:3 | Learned a level 9 spell: Fire Storm
 53350 | Vaults:3 | Reached skill level 10 in Fighting
 53771 | Vaults:3 | Learned a level 5 spell: Borgnjor's Vile Clutch
 53823 | Vaults:4 | Reached skill level 1 in Necromancy
 55030 | Vaults:4 | Reached skill level 5 in Necromancy
 55230 | Vaults:4 | Identified the +1 robe of Xaillono {rN+}
 55980 | Elf:1    | Entered Level 1 of the Elven Halls
 56270 | Elf:1    | Reached XP level 20. HP: 117/117 MP: 42/47
 56794 | Elf:1    | Found Dyddom's Food Shop.
 56941 | Elf:1    | Identified the Guide on Attacks
 57243 | Elf:2    | Found a huge runed translucent gate.
 57245 | Elf:2    | Found a huge runed translucent gate.
 57248 | Elf:2    | Found a huge runed translucent gate.
 57249 | Elf:2    | Found a huge runed translucent gate.
 57249 | Elf:2    | Found a huge runed translucent gate.
 57457 | Elf:2    | Found Hiovvaap's Book Shoppe.
 57725 | Elf:3    | Entered Level 3 of the Elven Halls
 58898 | Elf:3    | Identified the cursed +1 battleaxe "Haigraeq" {elec, rElec
                  | rF+ MR+ Str-2}
 58904 | Elf:3    | Identified the +11 halberd of Uncomfortable Rashes {chop,
                  | Int+3}
 59125 | Elf:3    | Identified Sif Muna's Disquisition on Fire
 59631 | Elf:3    | Reached skill level 10 in Necromancy
 60119 | Orc:1    | Bought a Necronomicon for 1324 gold pieces
 60128 | Orc:1    | Learned a level 8 spell: Necromutation
 60364 | Snake:1  | Entered Level 1 of the Snake Pit
 60366 | Snake:1  | Reached XP level 21. HP: 122/122 MP: 36/49
 60377 | Snake:1  | Reached skill level 1 in Transmutations
 60487 | Snake:1  | DEFE: наканецта энхансер
 62222 | Snake:3  | Reached skill level 5 in Transmutations
 62329 | Snake:3  | Identified the +2 hat "Salu" {+Fly Int+2 Dex-3} (You
                  | acquired it on level 3 of the Snake Pit)
 63122 | Snake:4  | Entered Level 4 of the Snake Pit
 63122 | Snake:4  | Noticed Vashnia
 63128 | Snake:4  | Killed Vashnia
 63745 | Snake:4  | Found Yrphasy's Book Boutique.
 63747 | Snake:4  | Found Naekuk's Distillery.
 63755 | Snake:4  | Bought a potion of haste for 150 gold pieces
 63755 | Snake:4  | Bought a potion of haste for 150 gold pieces
 63755 | Snake:4  | Bought a potion of resistance for 150 gold pieces
 63755 | Snake:4  | Bought a potion of ambrosia for 120 gold pieces
 63923 | Snake:4  | Noticed Saint Roka
 63929 | Snake:4  | Killed Saint Roka
 64524 | Snake:4  | Got a serpentine rune of Zot
 64876 | Depths:1 | Entered Level 1 of the Depths
 64876 | Depths:1 | Found a gateway to a ziggurat.
 64877 | Depths:1 | Noticed Bai Suzhen
 64886 | D:15     | Reached skill level 10 in Transmutations
 65129 | Depths:1 | Killed Bai Suzhen
 65129 | Depths:1 | Reached XP level 22. HP: 76/127 MP: 22/50
 65549 | Depths:1 | Found a gateway to Hell.
 65820 | Depths:1 | Reached skill level 15 in Necromancy
 65933 | Depths:1 | Found a runed translucent door.
 65950 | Depths:1 | Found Vugh's Jewellery Shop.
 66438 | Zig:1    | Entered Level 1 of a ziggurat
 66438 | Zig:1    | Noticed Oklett the pandemonium lord
 66452 | Zig:1    | Killed Oklett the pandemonium lord
 66699 | Zig:2    | Entered Level 2 of a ziggurat
 66838 | Zig:3    | Entered Level 3 of a ziggurat
 66882 | Zig:4    | Entered Level 4 of a ziggurat
 66944 | Zig:5    | Entered Level 5 of a ziggurat
 66965 | Zig:5    | Identified the amulet of Mecsid {Reflect Int+4 SH+3} (You
                  | found it on level 5 of a ziggurat)
 67005 | Zig:6    | Entered Level 6 of a ziggurat
 67137 | Zig:7    | Entered Level 7 of a ziggurat
 67142 | Zig:7    | Noticed Gotauh the pandemonium lord
 67143 | Zig:7    | Goblin1989: хера себе ты улетел вперед!
 67149 | Zig:7    | Killed Gotauh the pandemonium lord
 67360 | Zig:7    | Identified the Disquisition on the Boosting Snowflakes
 67450 | Zig:8    | Entered Level 8 of a ziggurat
 67509 | Zig:8    | Identified the ring of Cafigan {rF+ rN+ Int+4} (You found
                  | it on level 8 of a ziggurat)
 67539 | Zig:9    | Entered Level 9 of a ziggurat
 67568 | Zig:9    | Identified the Tome of Bewitching Cold
 67594 | Zig:9    | Learned a level 8 spell: Lehudib's Crystal Spear
 67609 | Zig:10   | Entered Level 10 of a ziggurat
 67619 | Zig:10   | Noticed a caustic shrike
 67624 | Zig:10   | Killed a caustic shrike
 67646 | Zig:10   | Reached XP level 23. HP: 74/132 MP: 3/51
 67735 | Zig:10   | Identified the Reference Book on Lucky Attacks
 67787 | Zig:11   | Entered Level 11 of a ziggurat
 67796 | Zig:11   | Reached skill level 15 in Transmutations
 67815 | Zig:11   | Identified Sif Muna's Tome of Dislocated Hexes
 67847 | Zig:12   | Entered Level 12 of a ziggurat
 67855 | Zig:12   | Noticed an ancient lich
 67858 | Zig:12   | Noticed an ancient lich
 67867 | Zig:12   | Killed an ancient lich
 67868 | Zig:12   | Killed an ancient lich
 67881 | Zig:12   | Reached XP level 24. HP: 134/137 MP: 39/51
 67977 | Zig:13   | Entered Level 13 of a ziggurat
 68081 | Zig:13   | Identified the Catalogue of Confrontation and Dislocation
 68091 | Zig:13   | Gained mutation: You are weak. (Str -2) [potion of
                  | mutation]
 68091 | Zig:13   | Gained mutation: Your body sometimes deteriorates upon
                  | taking damage. [potion of mutation]
 68091 | Zig:13   | Gained mutation: Your spells are a little harder to cast,
                  | but a little more powerful. [potion of mutation]
 68091 | Zig:13   | Gained mutation: Your mind is acute. (Int +2) [potion of
                  | mutation]
 68092 | Zig:13   | Lost mutation: You are weak. (Str -2) [potion of mutation]
 68092 | Zig:13   | Lost mutation: Your body sometimes deteriorates upon taking
                  | damage. [potion of mutation]
 68092 | Zig:13   | Gained mutation: You possess an exceptional clarity of
                  | mind. [potion of mutation]
 68092 | Zig:13   | Gained mutation: You are robust. (+10% HP) [potion of
                  | mutation]
 68092 | Zig:13   | Gained mutation: You are weak. (Str -2) [potion of
                  | mutation]
 68092 | Zig:13   | Gained mutation: You are partially covered in large bone
                  | plates. (SH +4) [potion of mutation]
 68113 | Zig:13   | Identified the ring of Huluugel {rN+ Int+3 Dex-4 Slay+3}
                  | (You found it on level 13 of a ziggurat)
 68126 | Zig:14   | Entered Level 14 of a ziggurat
 68225 | Zig:14   | Found the +3 warlock's mirror {reflect}
 68280 | Zig:14   | Learned a level 9 spell: Glaciate
 68299 | Zig:14   | Identified the ring "Kure" {Str+5 Stlth-} (You found it on
                  | level 14 of a ziggurat)
 68316 | Zig:15   | Entered Level 15 of a ziggurat
 68323 | Zig:15   | TheNamelessOne: зачем так много трансухи
 68329 | Zig:15   | DEFE: для нинужномута
 68331 | Zig:15   | Goblin1989: может он себя милой девушкой ощущает, че
                  | прикопался
 68332 | Zig:15   | TheNamelessOne: почему не некр
 68335 | Zig:15   | TheNamelessOne: я не осуждаю
 68337 | Zig:15   | DEFE: ?
 68337 | Zig:15   | DEFE: некр ауже 20
 68337 | Zig:15   | Goblin1989: кстати любопытный факт
 68337 | Zig:15   | DEFE: сейчас дешевле поднимать тмуты
 68404 | Zig:15   | Found the +4 robe of Augmentation {Str+4 Int+4 Dex+4}
 68415 | Zig:15   | Goblin1989: дэфир раньше был ярым противником некромутации
 68415 | Zig:15   | TheNamelessOne: тем более
 68423 | Zig:15   | Goblin1989: нинужно - это его перл на самом деле
 68424 | Zig:15   | TheNamelessOne: ты в чем ходишь
 68431 | Zig:15   | Reached XP level 25. HP: 155/155 MP: 51/52
 68432 | Zig:15   | TheNamelessOne: в брони?
 68432 | Zig:15   | DEFE: в облаках
 68432 | Zig:15   | TheNamelessOne: вроде нет
 68432 | Zig:15   | DEFE: витаю
 68447 | Zig:15   | TheNamelessOne: тогда не понимаю зачем так много
 68447 | Zig:15   | DEFE: кого?
 68448 | Zig:15   | DEFE: ну 4% шанс фейла
 68448 | Zig:15   | TheNamelessOne: вкладываться
 68448 | Zig:15   | DEFE: даже с такими статами
 68448 | Zig:15   | DEFE: инты-то мало
 68448 | Zig:15   | DEFE: я же только в депсы пришел
 68448 | Zig:15   | TheNamelessOne: уже норм шанс
 68451 | Zig:16   | Entered Level 16 of a ziggurat
 68456 | Zig:16   | TheNamelessOne: более чем
 68495 | Zig:16   | Noticed Vecwum the pandemonium lord
 68495 | Zig:16   | Noticed Darche the pandemonium lord
 68496 | Zig:16   | Reached XP level 26. HP: 161/161 MP: 51/52
 68498 | Zig:16   | Killed Vecwum the pandemonium lord
 68498 | Zig:16   | Noticed Jeyxats the pandemonium lord
 68499 | Zig:16   | Noticed Wurarui the pandemonium lord
 68499 | Zig:16   | Killed Darche the pandemonium lord
 68504 | Zig:16   | Noticed Sodadab the pandemonium lord
 68506 | Zig:16   | Killed Wurarui the pandemonium lord
 68506 | Zig:16   | Noticed Zoasonig the pandemonium lord
 68511 | Zig:16   | Noticed Peapof the pandemonium lord
 68522 | Zig:16   | Killed Sodadab the pandemonium lord
 68523 | Zig:16   | Killed Zoasonig the pandemonium lord
 68529 | Zig:16   | Killed Jeyxats the pandemonium lord
 68552 | Zig:16   | Killed Peapof the pandemonium lord
 68757 | Zig:16   | Found the +8 trident of the Octopus King {venom, rElec
                  | rPois MR+}
 68763 | Zig:16   | Reached XP level 27. HP: 167/167 MP: 52/52
 68814 | Zig:16   | Identified the Tome of Lightness
 68829 | Zig:16   | Learned a level 9 spell: Shatter
 68832 | Zig:17   | Entered Level 17 of a ziggurat
 68900 | Zig:17   | Got an ancient amber ring
 68901 | Zig:17   | Identified the ring "Sodo" {rPois rN+ Str-2 Dex+8 Stlth-}
                  | (You found it on level 17 of a ziggurat)
 68945 | Zig:18   | Entered Level 18 of a ziggurat
 68989 | Zig:18   | Noticed a greater mummy
 68992 | Zig:18   | Killed a greater mummy
 68997 | Zig:18   | Noticed a greater mummy
 69002 | Zig:18   | Killed a greater mummy
 69003 | Zig:18   | Noticed a greater mummy
 69012 | Zig:18   | Killed a greater mummy
 69030 | Zig:18   | Noticed a greater mummy
 69033 | Zig:18   | Killed a greater mummy
 69283 | Zig:18   | Got a polished buckler
 69284 | Zig:18   | Identified the +3 buckler of Broken Taboos {rF+ rC+} (You
                  | acquired it on level 18 of a ziggurat)
 69302 | Zig:19   | Entered Level 19 of a ziggurat
 69318 | Zig:19   | Noticed a juggernaut
 69320 | Zig:19   | Noticed a juggernaut
 69323 | Zig:19   | Killed a juggernaut
 69324 | Zig:19   | Noticed a juggernaut
 69325 | Zig:19   | Noticed a juggernaut
 69326 | Zig:19   | Killed a juggernaut
 69334 | Zig:19   | Killed a juggernaut
 69335 | Zig:19   | Killed a juggernaut
 69466 | Zig:19   | Identified The Arcane Secrets of Casting
 69482 | Zig:19   | Got a scintillating steel amulet
 69483 | Zig:19   | Identified the amulet of Linearity {Spirit Dex+4} (You
                  | found it on level 19 of a ziggurat)
 69500 | Zig:20   | Entered Level 20 of a ziggurat
 69515 | Zig:20   | Noticed a juggernaut
 69516 | Zig:20   | Noticed a juggernaut
 69518 | Zig:20   | Noticed a juggernaut
 69518 | Zig:20   | Noticed a juggernaut
 69519 | Zig:20   | Killed a juggernaut
 69520 | Zig:20   | Killed a juggernaut
 69520 | Zig:20   | Killed a juggernaut
 69521 | Zig:20   | Killed a juggernaut
 69522 | Zig:20   | Noticed a juggernaut
 69523 | Zig:20   | Killed a juggernaut
 69524 | Zig:20   | Noticed a juggernaut
 69528 | Zig:20   | Killed a juggernaut
 69543 | Zig:20   | Found the amulet of the Four Winds {rN+ MR+++ Clar}
 69609 | Zig:20   | Learned a level 6 spell: Deflect Missiles
 69611 | Zig:20   | Identified Zixtemeo's Grimoire of Flamy Air
 69656 | Zig:21   | Entered Level 21 of a ziggurat
 69672 | Zig:21   | Noticed a juggernaut
 69672 | Zig:21   | Noticed a juggernaut
 69675 | Zig:21   | Killed a juggernaut
 69675 | Zig:21   | Killed a juggernaut
 69678 | Zig:21   | Reached skill level 15 in Earth Magic
 69679 | Zig:21   | Noticed a juggernaut
 69680 | Zig:21   | Noticed a juggernaut
 69680 | Zig:21   | Killed a juggernaut
 69682 | Zig:21   | Killed a juggernaut
 69769 | Zig:21   | Identified the cursed ring of Nihilism {rF+ rC+ Int-5
                  | Dex-3} (You found it on level 21 of a ziggurat)
 69779 | Zig:21   | Identified the ring of Con Suaz {rN+ Str+3 SInv} (You found
                  | it on level 21 of a ziggurat)
 69784 | Zig:21   | Identified the ring of the Suburbs {Ice *Corrode rPois
                  | Int+2} (You found it on level 21 of a ziggurat)
 69792 | Zig:21   | Identified the +1 robe "Plog" {rC+ MR+ Dex+4} (You found it
                  | on level 21 of a ziggurat)
 69826 | Zig:22   | Entered Level 22 of a ziggurat
 69853 | Zig:22   | Noticed an ancient lich
 69854 | Zig:22   | Killed an ancient lich
 69857 | Zig:22   | Noticed an ancient lich
 69858 | Zig:22   | Killed an ancient lich
 69873 | Zig:22   | Found the cursed +14 obsidian axe {chop, +Fly SInv *Curse}
 69922 | Zig:22   | Identified the Almanac of Quantum Heat
 69939 | Zig:23   | Entered Level 23 of a ziggurat
 70098 | Zig:23   | Identified the ring of Pysyax {Ice *Slow rN+ MR++ Str-4
                  | Slay+4} (You found it on level 23 of a ziggurat)
 70134 | Zig:23   | Identified the Tome of Hurtful Intoxication
 70140 | Zig:24   | Entered Level 24 of a ziggurat
 70182 | Zig:24   | Found the amulet of Vitality {Regen+ HP+15}
 70187 | Zig:24   | Found the +10 zealot's sword {holy, *Rage rN+ EV+3}
 70211 | Zig:24   | Got a translucent lapis lazuli ring
 70212 | Zig:24   | Identified the ring "Unovuusch" {rF+ Str+2 Stlth+} (You
                  | found it on level 24 of a ziggurat)
 70273 | Zig:24   | Learned a level 9 spell: Tornado
 70274 | Zig:25   | Entered Level 25 of a ziggurat
 70402 | Zig:25   | Found the +2 Maxwell's thermic engine {flame, freeze}
 70564 | Zig:26   | Entered Level 26 of a ziggurat
 70588 | Zig:26   | Reached skill level 27 in Spellcasting
 70717 | Zig:26   | Identified the ring "Soibopop" {rElec Int+4 SInv} (You
                  | found it on level 26 of a ziggurat)
 70730 | Zig:27   | Entered Level 27 of a ziggurat
 70755 | Zig:27   | Reached skill level 1 in Air Magic
 70776 | Zig:27   | Reached skill level 5 in Air Magic
 70985 | Zig:27   | Found the +0 Maxwell's etheric cage {RegenMP+ *Contam rElec
                  | MP+4}
 71005 | Zig:27   | Identified the +0 pair of boots of Space {Str+4 Dex+4} (You
                  | acquired it on level 27 of a ziggurat)
 71007 | Zig:27   | Identified the +2 pair of gloves of Reunuh {rF++ Str+2}
                  | (You acquired it on level 27 of a ziggurat)
 71022 | Zig:27   | Identified the Catalogue of the Flying Rocks
 71042 | Zig:27   | Got a steaming graven amulet
 71069 | Depths:1 | Upgraded the game from 0.24-a0-613-g1ff6aac338 to
                  | 0.24-a0-615-g751f86b5a9
 71076 | Zig:1    | Entered Level 1 of a ziggurat
 71076 | Zig:1    | Noticed Wes Seira the pandemonium lord
 71085 | Zig:1    | Killed Wes Seira the pandemonium lord
 71279 | Zig:2    | Entered Level 2 of a ziggurat
 71383 | Zig:3    | Entered Level 3 of a ziggurat
 71411 | Zig:3    | Identified the Reference Book on the Glacier
 71416 | Zig:4    | Entered Level 4 of a ziggurat
 71471 | Zig:4    | Identified the amulet "Jappeahux" {Spirit rPois rC+ rN+}
                  | (You found it on level 27 of a ziggurat)
 71472 | Zig:4    | Identified the +1 pair of gloves "Buluan" {rF+} (You found
                  | it on level 4 of a ziggurat)
 71486 | Zig:5    | Entered Level 5 of a ziggurat
 71507 | Zig:5    | Identified the Guide on Calling and Poisoning
 71552 | Zig:6    | Entered Level 6 of a ziggurat
 71590 | Zig:7    | Entered Level 7 of a ziggurat
 71594 | Zig:7    | Reached skill level 15 in Ice Magic
 71633 | Zig:7    | Got a wavering granite ring
 71664 | Zig:8    | Entered Level 8 of a ziggurat
 71722 | Zig:9    | Entered Level 9 of a ziggurat
 71839 | Zig:9    | Identified Ughoufef's Grimoire of Flamy Necromancy
 71847 | Zig:9    | Identified the cursed +0 pair of boots "Kufioga" {rF-
                  | Regen+ Int+3 Dex+5} (You found it on level 9 of a ziggurat)
 71891 | Zig:10   | Entered Level 10 of a ziggurat
 71948 | Zig:10   | Reached skill level 10 in Air Magic
 71958 | Zig:10   | Got a twitching tin ring
 71975 | Zig:11   | Entered Level 11 of a ziggurat
 71991 | Zig:11   | Found the +7 great mace "Undeadhunter" {disrupt, rN+}
 71999 | Zig:11   | Found the +9 sword of Zonguldrok {reap}
 72015 | Zig:12   | Entered Level 12 of a ziggurat
 72027 | Zig:12   | Noticed a juggernaut
 72030 | Zig:12   | Killed a juggernaut
 72110 | Zig:13   | Entered Level 13 of a ziggurat
 72160 | Zig:13   | Identified the ring of the Suburbs {Wiz rN+++ Slay+3
                  | Stlth-} (You found it on level 7 of a ziggurat)
 72164 | Zig:13   | Got a pair of twisted boots
 72175 | Zig:13   | Identified the +0 pair of boots of Anaesthesia {rElec rF++
                  | Int-5 Dex-4} (You found it on level 13 of a ziggurat)
 72208 | Zig:14   | Entered Level 14 of a ziggurat
 72318 | Zig:14   | Got an ancient bone ring
 72320 | Zig:14   | Identified the ring of Leaves {rF+ Int+4 Stlth-} (You found
                  | it on level 14 of a ziggurat)
 72328 | Zig:14   | Identified the ring of Siethoff {+Blink rN+ Str+2 Dex-3
                  | Stlth+} (You found it on level 10 of a ziggurat)
 72343 | Zig:15   | Entered Level 15 of a ziggurat
 72419 | Zig:15   | Found the cursed necklace of Bloodlust {*Rage +Rage MR++
                  | Int-3 Slay+6 *Curse}
 72458 | Zig:16   | Entered Level 16 of a ziggurat
 72522 | Zig:16   | Got a bound amber ring
 72523 | Zig:16   | Identified the ring "Olawoos" {rElec rN+++ MR+ Int+5 Dex-3}
                  | (You found it on level 16 of a ziggurat)
 72548 | Zig:16   | Identified the Almanac of Damage Dealing
 72555 | Zig:17   | Entered Level 17 of a ziggurat
 72657 | Zig:17   | Found the +8 Wrath of Trog {antimagic, *Rage}
 72671 | Zig:17   | Identified the Guide on Air
 72710 | Zig:18   | Entered Level 18 of a ziggurat
 72736 | Zig:18   | Noticed a juggernaut
 72738 | Zig:18   | Killed a juggernaut
 72790 | Zig:18   | Found the ring of Phasing {EV+8}
 72801 | Zig:18   | Identified the Volume of Venom and Enhancements
 72849 | Zig:19   | Entered Level 19 of a ziggurat
 72880 | Zig:19   | Reached skill level 27 in Conjurations
 72916 | Zig:19   | Identified the Tome of Dark Hexes
 72933 | Zig:19   | Identified the +1 crystal plate armour "Ceceom" {rElec rF+
                  | Int-3} (You acquired it on level 19 of a ziggurat)
 72978 | Zig:20   | Entered Level 20 of a ziggurat
 72994 | Zig:20   | Noticed Roogiodd the pandemonium lord
 72996 | Zig:20   | Noticed Ismiug the pandemonium lord
 72996 | Zig:20   | Noticed Dabamnin the pandemonium lord
 72996 | Zig:20   | Noticed Utyugeash the pandemonium lord
 72997 | Zig:20   | Killed Roogiodd the pandemonium lord
 72997 | Zig:20   | Killed Utyugeash the pandemonium lord
 72998 | Zig:20   | Killed Ismiug the pandemonium lord
 72998 | Zig:20   | Noticed Igagrem the pandemonium lord
 72999 | Zig:20   | Reached skill level 15 in Air Magic
 73000 | Zig:20   | Noticed Loukats the pandemonium lord
 73000 | Zig:20   | Noticed Tamy the pandemonium lord
 73001 | Zig:20   | Killed Dabamnin the pandemonium lord
 73001 | Zig:20   | Killed Igagrem the pandemonium lord
 73007 | Zig:20   | Killed Loukats the pandemonium lord
 73010 | Zig:20   | Noticed Hyaqemug the pandemonium lord
 73011 | Zig:20   | Noticed Ellok the pandemonium lord
 73013 | Zig:20   | Killed Hyaqemug the pandemonium lord
 73014 | Zig:20   | Killed Ellok the pandemonium lord
 73014 | Zig:20   | Noticed Cuzedd the pandemonium lord
 73015 | Zig:20   | Killed Tamy the pandemonium lord
 73017 | Zig:20   | Noticed Yddishrip the pandemonium lord
 73018 | Zig:20   | Noticed Xoynir the pandemonium lord
 73019 | Zig:20   | Killed Cuzedd the pandemonium lord
 73020 | Zig:20   | Killed Yddishrip the pandemonium lord
 73023 | Zig:20   | Killed Xoynir the pandemonium lord
 73029 | Zig:20   | Noticed Passung the pandemonium lord
 73033 | Zig:20   | Killed Passung the pandemonium lord
 73279 | Zig:20   | Identified the ring "Hysuyg" {rC+ rN+} (You found it on
                  | level 20 of a ziggurat)
 73289 | Zig:20   | Identified Sowekeb's Reference Book on Toxins and Beguiling
 73313 | Zig:21   | Entered Level 21 of a ziggurat
 73393 | Zig:21   | Found the +7 Spriggan's Knife {stab, EV+4 Stlth+}
 73394 | Zig:21   | Found the +9 staff of Wucad Mu {channel}
 73394 | Zig:21   | Found the +11 plutonium sword {*Contam Stlth-}
 73417 | Zig:21   | Got a translucent granite ring
 73418 | Zig:21   | Identified the ring of Curiosity {+Inv rN+} (You found it
                  | on level 21 of a ziggurat)
 73446 | Zig:22   | Entered Level 22 of a ziggurat
 73531 | Zig:22   | Identified the ring of the Postmodern Shrikes {*Tele Int+4
                  | Dex+4} (You found it on level 22 of a ziggurat)
 73630 | Zig:23   | Entered Level 23 of a ziggurat
 73740 | Zig:24   | Entered Level 24 of a ziggurat
 73819 | Zig:24   | Identified the ring "Bemur" {Ice Dex+3} (You found it on
                  | level 24 of a ziggurat)
 73821 | Zig:24   | Identified Aguwest's Lost Volume of the Archmage
 73838 | Zig:25   | Entered Level 25 of a ziggurat
 73872 | Zig:25   | Reached skill level 15 in Evocations
 73882 | Zig:25   | Identified the +0 buckler of the Lotus Blossom {Stlth+}
 73928 | Zig:26   | Entered Level 26 of a ziggurat
 73947 | Zig:26   | Noticed a greater mummy
 73948 | Zig:26   | Killed a greater mummy
 73948 | Zig:26   | Noticed a greater mummy
 73949 | Zig:26   | Killed a greater mummy
 73949 | Zig:26   | Noticed a greater mummy
 73950 | Zig:26   | Noticed a greater mummy
 73952 | Zig:26   | Killed a greater mummy
 73953 | Zig:26   | Killed a greater mummy
 73954 | Zig:26   | Noticed a greater mummy
 73956 | Zig:26   | Killed a greater mummy
 73956 | Zig:26   | Killed a greater mummy
 73957 | Zig:26   | Noticed a greater mummy
 73958 | Zig:26   | Noticed a greater mummy
 73959 | Zig:26   | Killed a greater mummy
 73960 | Zig:26   | Killed a greater mummy
 73964 | Zig:26   | Noticed a greater mummy
 73964 | Zig:26   | Noticed a greater mummy
 73965 | Zig:26   | Killed a greater mummy
 73966 | Zig:26   | Killed a greater mummy
 73966 | Zig:26   | Noticed a greater mummy
 73966 | Zig:26   | Noticed a greater mummy
 73967 | Zig:26   | Killed a greater mummy
 73968 | Zig:26   | Killed a greater mummy
 73971 | Zig:26   | Noticed a greater mummy
 73972 | Zig:26   | Killed a greater mummy
 73978 | Zig:26   | Noticed a greater mummy
 73979 | Zig:26   | Killed a greater mummy
 73980 | Zig:26   | Reached skill level 27 in Earth Magic
 74109 | Zig:26   | Identified the ring "Lura" {rPois rF+ rC++} (You found it
                  | on level 26 of a ziggurat)
 74130 | Zig:27   | Entered Level 27 of a ziggurat
 74220 | Zig:27   | Identified the ring of Zoqoelae {Dex+4 SInv} (You found it
                  | on level 27 of a ziggurat)
 74247 | Zig:27   | Identified the ring "Mufoxozu" {Wiz +Fly rC- Int+5} (You
                  | found it on level 27 of a ziggurat)
 74267 | Zig:1    | Entered Level 1 of a ziggurat
 74306 | Zig:2    | Entered Level 2 of a ziggurat
 74306 | Zig:2    | Noticed a greater mummy
 74310 | Zig:2    | Killed a greater mummy
 74329 | Zig:2    | Identified the Grimoire of the Earthen Escort
 74337 | Zig:2    | Learned a level 5 spell: Aura of Abjuration
 74343 | Zig:3    | Entered Level 3 of a ziggurat
 74343 | Zig:3    | Noticed an ancient lich
 74344 | Zig:3    | Reached skill level 1 in Summonings
 74345 | Zig:3    | Killed an ancient lich
 74400 | Zig:3    | Identified the Reference Book on Sinister Magic and the
                  | Rocks
 74405 | Zig:4    | Entered Level 4 of a ziggurat
 74407 | Zig:4    | Noticed an ancient lich
 74410 | Zig:4    | Killed an ancient lich
 74490 | Zig:4    | Identified the Grimoire of Mastery
 74504 | Zig:5    | Entered Level 5 of a ziggurat
 74538 | Zig:6    | Entered Level 6 of a ziggurat
 74542 | Zig:6    | Noticed an ancient lich
 74543 | Zig:6    | Killed an ancient lich
 74543 | Zig:6    | Reached skill level 5 in Summonings
 74575 | Zig:7    | Entered Level 7 of a ziggurat
 74652 | Zig:8    | Entered Level 8 of a ziggurat
 74659 | Zig:8    | Reached skill level 27 in Ice Magic
 74685 | Zig:8    | Identified the Collected Works on Freezing Battle Magic
 74705 | Zig:9    | Entered Level 9 of a ziggurat
 74737 | Zig:9    | Identified Irestru's Incunabulum of Helpful Earth
 74758 | Zig:10   | Entered Level 10 of a ziggurat
 74821 | Zig:11   | Entered Level 11 of a ziggurat
 74832 | Zig:11   | Reached skill level 10 in Summonings
 74836 | Zig:11   | Noticed an ancient lich
 74837 | Zig:11   | Killed an ancient lich
 74880 | Zig:12   | Entered Level 12 of a ziggurat
 74932 | Zig:12   | Identified the Papyrus of Toxic Lightness
 74942 | Zig:13   | Entered Level 13 of a ziggurat
 74980 | Zig:13   | Identified the Collected Works on Cold
 75004 | Zig:13   | Identified the Handbook of Quantum Flames
 75014 | Zig:14   | Entered Level 14 of a ziggurat
 75123 | Zig:15   | Entered Level 15 of a ziggurat
 75161 | Zig:15   | Identified the Almanac of the Creative Volcanoes
 75173 | Zig:15   | Identified Bodi Roq's Volume of the Aerial Glacier
 75234 | Zig:16   | Entered Level 16 of a ziggurat
 75250 | Zig:16   | Reached skill level 15 in Summonings
 75291 | Zig:16   | Identified Defaos's Catalogue of Flamy Intoxication
 75297 | Zig:16   | Identified the Almanac of Transmutation and the Glacier
 75304 | Zig:17   | Entered Level 17 of a ziggurat
 75360 | Zig:17   | Identified the amulet of Maush {Reflect rF+ Str+2 SH+2}
                  | (You found it on level 17 of a ziggurat)
 75364 | Zig:17   | Identified the +0 buckler "Aqoihicsiwi" {*Contam rPois
                  | Int+4} (You found it on level 17 of a ziggurat)
 75375 | Zig:18   | Entered Level 18 of a ziggurat
 75417 | Zig:18   | Found the +6 shillelagh "Devastator" {shatter}
 75426 | Zig:18   | Identified Didaec's Handbook of Torrid Black Rites
 75429 | Zig:18   | Identified the ring of Coyladikk {+Blink rElec Str+4 Dex-3
                  | SInv} (You found it on level 18 of a ziggurat)
 75435 | Zig:18   | Identified the Compendium of Transmutation and Intoxication
 75451 | Zig:18   | Identified Jol Myul's Incunabulum of the Disturbing Lies
 75472 | Zig:19   | Entered Level 19 of a ziggurat
 75519 | Zig:19   | Found the +0 pair of fencer's gloves {Riposte Dex+3}
 75545 | Zig:20   | Entered Level 20 of a ziggurat
 75599 | Zig:20   | Found the +7 Kryia's mail coat {PotionHeal*2 rC+}
 75601 | Zig:20   | Found the +8 lance "Wyrmbane" {slay drac, rPois rF+ rC+
                  | AC+3}
 75605 | Zig:20   | Identified Sif Muna's Tome of Orientation and Unholy Rites
 75638 | Zig:21   | Entered Level 21 of a ziggurat
 75713 | Zig:21   | Identified the +2 helmet of Tulips {rC+} (You acquired it
                  | on level 21 of a ziggurat)
 75719 | Zig:21   | Identified the amulet of Hiyhimol {Harm *Drain +Inv Dex+4}
                  | (You found it on level 21 of a ziggurat)
 75771 | Zig:22   | Entered Level 22 of a ziggurat
 75792 | Zig:22   | Reached skill level 27 in Air Magic
 75830 | Zig:22   | Identified the ring "Ineta" {Dex+4 SInv} (You found it on
                  | level 22 of a ziggurat)
 75846 | Zig:22   | Identified the Handbook of Dusty Intoxication
 75864 | Zig:22   | Identified the +3 buckler of Mirth {Str+4} (You acquired it
                  | on level 22 of a ziggurat)
 75870 | Zig:22   | Identified the Collected Works on Companions and Stolen
                  | Souls
 75886 | Zig:23   | Entered Level 23 of a ziggurat
 75911 | Zig:23   | Reached skill level 27 in Evocations
 75944 | Zig:23   | Identified the amulet of Kugecux {Spirit rPois rF++ MR-
                  | SInv} (You found it on level 23 of a ziggurat)
 75953 | Zig:23   | Identified the +2 pearl dragon scales "Lisuepp" {rF+ rN+}
                  | (You found it on level 23 of a ziggurat)
 75956 | Zig:23   | Identified the ring "Acvizen" {rCorr Dex+3} (You found it
                  | on level 23 of a ziggurat)
 75982 | Zig:24   | Entered Level 24 of a ziggurat
 75994 | Zig:24   | Noticed a greater mummy
 75994 | Zig:24   | Noticed a greater mummy
 75995 | Zig:24   | Noticed a greater mummy
 75996 | Zig:24   | Killed a greater mummy
 75996 | Zig:24   | Killed a greater mummy
 75996 | Zig:24   | Reached skill level 5 in Shields
 75996 | Zig:24   | Noticed a greater mummy
 75996 | Zig:24   | Noticed a greater mummy
 75997 | Zig:24   | Killed a greater mummy
 75998 | Zig:24   | Killed a greater mummy
 75998 | Zig:24   | Killed a greater mummy
 75998 | Zig:24   | Noticed a greater mummy
 75999 | Zig:24   | Noticed a greater mummy
 76000 | Zig:24   | Killed a greater mummy
 76001 | Zig:24   | Killed a greater mummy
 76003 | Zig:24   | Noticed a greater mummy
 76003 | Zig:24   | Noticed a greater mummy
 76005 | Zig:24   | Killed a greater mummy
 76006 | Zig:24   | Killed a greater mummy
 76006 | Zig:24   | Noticed a greater mummy
 76006 | Zig:24   | Noticed a greater mummy
 76008 | Zig:24   | Killed a greater mummy
 76009 | Zig:24   | Noticed a greater mummy
 76010 | Zig:24   | Killed a greater mummy
 76011 | Zig:24   | Noticed a greater mummy
 76012 | Zig:24   | Killed a greater mummy
 76012 | Zig:24   | Noticed a greater mummy
 76012 | Zig:24   | Noticed a greater mummy
 76012 | Zig:24   | Noticed a greater mummy
 76013 | Zig:24   | Noticed a greater mummy
 76014 | Zig:24   | Killed a greater mummy
 76014 | Zig:24   | Killed a greater mummy
 76014 | Zig:24   | Killed a greater mummy
 76014 | Zig:24   | Reached skill level 10 in Shields
 76014 | Zig:24   | Killed a greater mummy
 76014 | Zig:24   | Noticed an ancient lich
 76015 | Zig:24   | Killed a greater mummy
 76015 | Zig:24   | Killed an ancient lich
 76015 | Zig:24   | Noticed a greater mummy
 76017 | Zig:24   | Killed a greater mummy
 76019 | Zig:24   | Noticed a greater mummy
 76019 | Zig:24   | Noticed a greater mummy
 76022 | Zig:24   | Killed a greater mummy
 76022 | Zig:24   | Killed a greater mummy
 76049 | Zig:24   | Found the +8 demon blade "Leech" {vamp, rN+ AC-3 EV-3}
 76095 | Zig:24   | Identified the +1 pair of gloves "Baigupt" {SInv} (You
                  | found it on level 24 of a ziggurat)
 76100 | Zig:24   | Identified an amulet "Veics" {Faith rPois MR+ Dex-3} (You
                  | found it on level 24 of a ziggurat)
 76129 | Zig:25   | Entered Level 25 of a ziggurat
 76141 | Zig:25   | Noticed Hoenwinize the pandemonium lord
 76141 | Zig:25   | Noticed Dugehuc the pandemonium lord
 76142 | Zig:25   | Noticed Amesepn the pandemonium lord
 76150 | Zig:25   | Killed Dugehuc the pandemonium lord
 76153 | Zig:25   | Noticed Gifugrur the pandemonium lord
 76155 | Zig:25   | Killed Gifugrur the pandemonium lord
 76156 | Zig:25   | Noticed Uneblus the pandemonium lord
 76158 | Zig:25   | Killed Amesepn the pandemonium lord
 76159 | Zig:25   | Killed Uneblus the pandemonium lord
 76159 | Zig:25   | Reached skill level 15 in Dodging
 76160 | Zig:25   | Noticed Gellingeol the pandemonium lord
 76162 | Zig:25   | Killed Hoenwinize the pandemonium lord
 76162 | Zig:25   | Killed Gellingeol the pandemonium lord
 76163 | Zig:25   | Noticed Toavenev the pandemonium lord
 76168 | Zig:25   | Noticed Byapsut the pandemonium lord
 76168 | Zig:25   | Noticed Myreasih the pandemonium lord
 76169 | Zig:25   | Killed Toavenev the pandemonium lord
 76170 | Zig:25   | Killed Liacopt the pandemonium lord
 76170 | Zig:25   | Killed Byapsut the pandemonium lord
 76171 | Zig:25   | Killed Myreasih the pandemonium lord
 76173 | Zig:25   | Killed Gorgh the pandemonium lord
 76174 | Zig:25   | Killed Haoharue the pandemonium lord
 76176 | Zig:25   | Noticed Neneame the pandemonium lord
 76176 | Zig:25   | Noticed Cuhoawot the pandemonium lord
 76176 | Zig:25   | Noticed Byc Wigh the pandemonium lord
 76179 | Zig:25   | Killed Byc Wigh the pandemonium lord
 76179 | Zig:25   | Killed Neneame the pandemonium lord
 76179 | Zig:25   | Reached skill level 15 in Shields
 76179 | Zig:25   | Killed Cuhoawot the pandemonium lord
 76179 | Zig:25   | Killed Ethu the pandemonium lord
 76179 | Zig:25   | Noticed Vough the pandemonium lord
 76180 | Zig:25   | Killed Vough the pandemonium lord
 76181 | Zig:25   | Noticed Cyfaozie the pandemonium lord
 76182 | Zig:25   | Noticed Qangoc the pandemonium lord
 76182 | Zig:25   | Noticed Roppaiq the pandemonium lord
 76183 | Zig:25   | Killed Cyfaozie the pandemonium lord
 76183 | Zig:25   | Killed Qangoc the pandemonium lord
 76185 | Zig:25   | Killed Roppaiq the pandemonium lord
 76188 | Zig:25   | Noticed Ryweam the pandemonium lord
 76188 | Zig:25   | Noticed Xenosijie the pandemonium lord
 76188 | Zig:25   | Noticed Vesteom the pandemonium lord
 76189 | Zig:25   | Killed Xenosijie the pandemonium lord
 76189 | Zig:25   | Killed Vesteom the pandemonium lord
 76189 | Zig:25   | Killed Ryweam the pandemonium lord
 76189 | Zig:25   | Noticed Connosal the pandemonium lord
 76189 | Zig:25   | Noticed Axticot the pandemonium lord
 76191 | Zig:25   | Killed Axticot the pandemonium lord
 76192 | Zig:25   | Killed Connosal the pandemonium lord
 76193 | Zig:25   | Noticed Xomoh the pandemonium lord
 76194 | Zig:25   | Reached skill level 15 in Fighting
 76195 | Zig:25   | Killed Gareteme the pandemonium lord
 76197 | Zig:25   | Killed Xomoh the pandemonium lord
 76203 | Zig:25   | Noticed Omaxt the pandemonium lord
 76204 | Zig:25   | Killed Omaxt the pandemonium lord
 76211 | Zig:25   | Found the +6 arbalest "Damnation" {damnation}
 76229 | Zig:25   | Found the ring of the Mage {Wiz MR++ Int+3}
 76278 | Zig:25   | Got a scorched turquoise ring
 76279 | Zig:25   | Identified the ring of the Well-Known Nights {rC+ MP+9
                  | Str+3 Stlth+} (You found it on level 25 of a ziggurat)
 76287 | Zig:26   | Entered Level 26 of a ziggurat
 76369 | Zig:26   | Found the +7 lajatang of Order {silver, rMut}
 76388 | Zig:26   | Identified the +5 helmet of Isokuf {rElec rN+ rCorr Dex+3}
                  | (You found it on level 26 of a ziggurat)
 76398 | Zig:26   | Got a crude marble ring
 76399 | Zig:26   | Identified the ring of Petwar {+Blink Str+6 Stlth-} (You
                  | found it on level 26 of a ziggurat)
 76411 | Zig:26   | Identified the Collected Works on Malediction
 76417 | Zig:26   | Got a sparkling silver amulet
 76418 | Zig:26   | Identified the amulet of Surprise {+Rage rN+ Int+2} (You
                  | found it on level 26 of a ziggurat)
 76427 | Zig:26   | Got an ancient jade ring
 76428 | Zig:26   | Identified the ring "Amydas" {rF+ rCorr} (You found it on
                  | level 26 of a ziggurat)
 76444 | Zig:27   | Entered Level 27 of a ziggurat
 76512 | Zig:27   | Found the +15 Maxwell's patent armour {-Cast -Tele rElec
                  | MR+ rCorr}
 76535 | Zig:27   | Got a warped iron ring
 76536 | Zig:27   | Identified the ring "Yliusepp" {Wiz +Blink rElec Int+6
                  | Dex-4} (You found it on level 27 of a ziggurat)
 76562 | Zig:27   | Identified the +0 buckler of Sin {Dex+3} (You found it on
                  | level 27 of a ziggurat)
 76577 | Zig:27   | Identified Sif Muna's Papyrus of Fire and Earth
 76589 | Zig:27   | Identified the ring of Gaeppok {rElec rC+ MR+ Str+3 Stlth-}
                  | (You found it on level 27 of a ziggurat)
 76594 | Zig:27   | Identified the amulet of Jach {Harm *Drain Dex+2} (You
                  | found it on level 27 of a ziggurat)
 76797 | Zig:1    | Entered Level 1 of a ziggurat
 76840 | Zig:2    | Entered Level 2 of a ziggurat
 76869 | Zig:3    | Entered Level 3 of a ziggurat
 76888 | Zig:3    | Got a steaming glass ring
 76889 | Zig:3    | Identified the cursed ring "Efisip" {Str-2 SInv} (You found
                  | it on level 3 of a ziggurat)
 76897 | Zig:4    | Entered Level 4 of a ziggurat
 76898 | Zig:4    | Noticed an ancient lich
 76899 | Zig:4    | Killed an ancient lich
 76919 | Zig:5    | Entered Level 5 of a ziggurat
 76949 | Zig:6    | Entered Level 6 of a ziggurat
 76977 | Zig:6    | Identified the amulet "Beec" {Spirit Str+4} (You found it
                  | on level 6 of a ziggurat)
 76987 | Zig:7    | Entered Level 7 of a ziggurat
 77015 | Zig:7    | Identified Sif Muna's Guide on Intoxication and Hexes
 77023 | Zig:8    | Entered Level 8 of a ziggurat
 77041 | Zig:8    | Found the brooch of Shielding {Reflect SH+8}
 77056 | Zig:8    | Identified the +2 pair of boots of Tender Moments {+Fly
                  | rElec Str-4 Int+2} (You found it on level 8 of a ziggurat)
 77061 | Zig:9    | Entered Level 9 of a ziggurat
 77097 | Zig:10   | Entered Level 10 of a ziggurat
 77143 | Zig:11   | Entered Level 11 of a ziggurat
 77154 | Zig:11   | Noticed Dadduw the pandemonium lord
 77158 | Zig:11   | Killed Dadduw the pandemonium lord
 77276 | Zig:12   | Entered Level 12 of a ziggurat
 77345 | Zig:12   | Got a sparkling jade ring
 77346 | Zig:12   | Identified the ring "Illium" {Str+4 Int+3 SInv} (You found
                  | it on level 12 of a ziggurat)
 77351 | Zig:12   | Identified the Incunabulum of the Sinister Mountains
 77360 | Zig:13   | Entered Level 13 of a ziggurat
 77362 | Zig:13   | Noticed a juggernaut
 77364 | Zig:13   | Noticed a juggernaut
 77366 | Zig:13   | Killed a juggernaut
 77366 | Zig:13   | Killed a juggernaut
 77370 | Zig:13   | Noticed a juggernaut
 77371 | Zig:13   | Noticed a juggernaut
 77372 | Zig:13   | Killed a juggernaut
 77374 | Zig:13   | Killed a juggernaut
 77428 | Zig:14   | Entered Level 14 of a ziggurat
 77442 | Zig:14   | Noticed Ynau the pandemonium lord
 77444 | Zig:14   | Killed Ynau the pandemonium lord
 77595 | Zig:15   | Entered Level 15 of a ziggurat
 77603 | Zig:15   | Reached skill level 27 in Dodging
 77670 | Zig:16   | Entered Level 16 of a ziggurat
 77806 | Zig:17   | Entered Level 17 of a ziggurat
 77815 | Zig:17   | Noticed an ancient lich
 77816 | Zig:17   | Killed an ancient lich
 77816 | Zig:17   | Noticed an ancient lich
 77817 | Zig:17   | Noticed an ancient lich
 77818 | Zig:17   | Killed an ancient lich
 77819 | Zig:17   | Killed an ancient lich
 77819 | Zig:17   | Noticed an ancient lich
 77820 | Zig:17   | Killed an ancient lich
 77820 | Zig:17   | Noticed an ancient lich
 77822 | Zig:17   | Killed an ancient lich
 77823 | Zig:17   | Noticed an ancient lich
 77825 | Zig:17   | Killed an ancient lich
 77854 | Zig:17   | Identified the ring "Cit Dude" {+Fly MR+ Stlth-} (You found
                  | it on level 17 of a ziggurat)
 77863 | Zig:17   | Identified the amulet "Moech" {RegenMP *Contam rPois rC+
                  | Str+2} (You found it on level 17 of a ziggurat)
 77866 | Zig:17   | Identified the amulet of Bedghiub {+Rage rElec rF- Str-2
                  | SInv} (You found it on level 17 of a ziggurat)
 77903 | Zig:18   | Entered Level 18 of a ziggurat
 77937 | Zig:18   | Identified the ring "Plog" {rElec rC+++ MR- EV+2} (You
                  | found it on level 18 of a ziggurat)
 77941 | Zig:18   | Identified the +3 buckler "Min Ich" {Regen+} (You found it
                  | on level 18 of a ziggurat)
 77953 | Zig:18   | Identified the Handbook of Dusty Shape Shifting
 77957 | Zig:18   | Identified Qugaollo's Collected Works on Cold and the
                  | Traveller
 77959 | Zig:18   | Identified Iqusudukh's Tome of Lucky Companions
 77966 | Zig:19   | Entered Level 19 of a ziggurat
 78041 | Zig:20   | Entered Level 20 of a ziggurat
 78105 | Zig:20   | Got a crude gossamer ring
 78106 | Zig:20   | Identified the ring of Tocat {+Fly rC+ Int+2 Dex+4} (You
                  | found it on level 20 of a ziggurat)
 78125 | Zig:20   | Identified the cursed +0 helmet of Jujozuras {Int+5 Stlth+}
                  | (You found it on level 20 of a ziggurat)
 78142 | Zig:21   | Entered Level 21 of a ziggurat
 78148 | Zig:21   | Noticed Vibutat Lahe the pandemonium lord
 78148 | Zig:21   | Noticed Liof the pandemonium lord
 78148 | Zig:21   | Noticed Toack the pandemonium lord
 78148 | Zig:21   | Noticed Samam the pandemonium lord
 78148 | Zig:21   | Noticed Malib the pandemonium lord
 78150 | Zig:21   | Noticed Firhiasa the pandemonium lord
 78151 | Zig:21   | Killed Firhiasa the pandemonium lord
 78152 | Zig:21   | Killed Malib the pandemonium lord
 78153 | Zig:21   | Killed Toack the pandemonium lord
 78153 | Zig:21   | Noticed Ytsy Picry the pandemonium lord
 78154 | Zig:21   | Noticed Liebaxah the pandemonium lord
 78156 | Zig:21   | Killed Vibutat Lahe the pandemonium lord
 78159 | Zig:21   | Killed Liof the pandemonium lord
 78159 | Zig:21   | Killed Ytsy Picry the pandemonium lord
 78162 | Zig:21   | Killed Liebaxah the pandemonium lord
 78163 | Zig:21   | Noticed Ugires the pandemonium lord
 78165 | Zig:21   | Killed Utigresm the pandemonium lord
 78165 | Zig:21   | Killed Ecajait the pandemonium lord
 78165 | Zig:21   | Reached skill level 27 in Fighting
 78165 | Zig:21   | Noticed Ihikuy the pandemonium lord
 78165 | Zig:21   | Noticed Cebann the pandemonium lord
 78166 | Zig:21   | Killed Cebann the pandemonium lord
 78166 | Zig:21   | Killed Ugires the pandemonium lord
 78166 | Zig:21   | Noticed Omikkaf the pandemonium lord
 78167 | Zig:21   | Reached skill level 27 in Shields
 78167 | Zig:21   | Reached skill level 1 in Armour
 78167 | Zig:21   | Killed Omikkaf the pandemonium lord
 78168 | Zig:21   | Noticed Vuddeaq the pandemonium lord
 78168 | Zig:21   | Noticed Enimaf the pandemonium lord
 78169 | Zig:21   | Killed Samam the pandemonium lord
 78169 | Zig:21   | Killed Ade Nur the pandemonium lord
 78170 | Zig:21   | Killed Ihikuy the pandemonium lord
 78171 | Zig:21   | Killed Enimaf the pandemonium lord
 78171 | Zig:21   | Reached skill level 5 in Armour
 78171 | Zig:21   | Killed Lazaicref the pandemonium lord
 78172 | Zig:21   | Killed Vuddeaq the pandemonium lord
 78172 | Zig:21   | Noticed Asiynek the pandemonium lord
 78172 | Zig:21   | Noticed Yczy the pandemonium lord
 78172 | Zig:21   | Noticed Westug the pandemonium lord
 78173 | Zig:21   | Noticed Hoavopp the pandemonium lord
 78173 | Zig:21   | Killed Hoavopp the pandemonium lord
 78173 | Zig:21   | Noticed Kawuny the pandemonium lord
 78173 | Zig:21   | Noticed Onudutemyl the pandemonium lord
 78174 | Zig:21   | Noticed Uwnohol the pandemonium lord
 78175 | Zig:21   | Killed Kawuny the pandemonium lord
 78175 | Zig:21   | Killed Asiynek the pandemonium lord
 78175 | Zig:21   | Killed Immakoni the pandemonium lord
 78176 | Zig:21   | Killed Westug the pandemonium lord
 78176 | Zig:21   | Killed Yczy the pandemonium lord
 78176 | Zig:21   | Killed Onudutemyl the pandemonium lord
 78176 | Zig:21   | Killed Uwnohol the pandemonium lord
 78221 | Zig:21   | Got a smoking jade ring
 78222 | Zig:21   | Identified the cursed ring "Gegupits" {rF+ MP+9 EV-2} (You
                  | found it on level 21 of a ziggurat)
 78250 | Zig:22   | Entered Level 22 of a ziggurat
 78261 | Zig:22   | Reached skill level 10 in Armour
 78263 | Zig:22   | Noticed an ancient lich
 78264 | Zig:22   | Killed an ancient lich
 78266 | Zig:22   | Noticed an ancient lich
 78266 | Zig:22   | Killed an ancient lich
 78266 | Zig:22   | Noticed an ancient lich
 78268 | Zig:22   | Killed an ancient lich
 78269 | Zig:22   | Noticed an ancient lich
 78271 | Zig:22   | Killed an ancient lich
 78273 | Zig:22   | Noticed an ancient lich
 78275 | Zig:22   | Killed an ancient lich
 78276 | Zig:22   | Noticed an ancient lich
 78277 | Zig:22   | Killed an ancient lich
 78278 | Zig:22   | Noticed an ancient lich
 78279 | Zig:22   | Noticed an ancient lich
 78280 | Zig:22   | Killed an ancient lich
 78281 | Zig:22   | Killed an ancient lich
 78296 | Zig:22   | Found the +0 sword of Power
 78336 | Zig:22   | Identified the amulet "Bismeed Miuk" {+Rage Str+2 Int+2}
                  | (You found it on level 22 of a ziggurat)
 78345 | Zig:22   | Reached skill level 27 in Summonings
 78359 | Zig:23   | Entered Level 23 of a ziggurat
 78368 | Zig:23   | Reached skill level 1 in Throwing
 78368 | Zig:23   | Reached skill level 1 in Charms
 78381 | Zig:23   | Reached skill level 5 in Throwing
 78381 | Zig:23   | Reached skill level 5 in Charms
 78404 | Zig:23   | Reached skill level 10 in Throwing
 78405 | Zig:23   | Reached skill level 10 in Charms
 78407 | Zig:23   | Reached skill level 15 in Armour
 78418 | Zig:23   | Found the +6 lightning scales {run, rElec}
 78491 | Zig:23   | Found the ring of Robustness {AC+8}
 78514 | Zig:23   | Identified Sif Muna's Catalogue of Vitriolic Darkness
 78548 | Zig:24   | Entered Level 24 of a ziggurat
 78557 | Zig:24   | Noticed Iskoklamp the pandemonium lord
 78559 | Zig:24   | Noticed Zysk the pandemonium lord
 78560 | Zig:24   | Killed Fyosiu the pandemonium lord
 78561 | Zig:24   | Killed Zysk the pandemonium lord
 78561 | Zig:24   | Noticed Ruewneep the pandemonium lord
 78562 | Zig:24   | Killed Iskoklamp the pandemonium lord
 78562 | Zig:24   | Noticed Ydie the pandemonium lord
 78563 | Zig:24   | Killed Ihaety the pandemonium lord
 78563 | Zig:24   | Killed Ijiun the pandemonium lord
 78563 | Zig:24   | Noticed Fasidygg the pandemonium lord
 78563 | Zig:24   | Noticed Ahuiq the pandemonium lord
 78563 | Zig:24   | Noticed Geesu the pandemonium lord
 78564 | Zig:24   | Killed Ruewneep the pandemonium lord
 78564 | Zig:24   | Noticed Sidof the pandemonium lord
 78564 | Zig:24   | Noticed Jorhew the pandemonium lord
 78564 | Zig:24   | Killed Geesu the pandemonium lord
 78565 | Zig:24   | Noticed Nimoumak the pandemonium lord
 78566 | Zig:24   | Killed Ahuiq the pandemonium lord
 78567 | Zig:24   | Noticed Vastreiv the pandemonium lord
 78567 | Zig:24   | Killed Jorhew the pandemonium lord
 78567 | Zig:24   | Killed Ydie the pandemonium lord
 78567 | Zig:24   | Noticed Cuxirumo the pandemonium lord
 78567 | Zig:24   | Noticed Boqacibyl the pandemonium lord
 78567 | Zig:24   | Noticed Midwier the pandemonium lord
 78569 | Zig:24   | Killed Fasidygg the pandemonium lord
 78573 | Zig:24   | Killed Nimoumak the pandemonium lord
 78574 | Zig:24   | Killed Hooj Sih the pandemonium lord
 78575 | Zig:24   | Killed Cuxirumo the pandemonium lord
 78575 | Zig:24   | Killed Boqacibyl the pandemonium lord
 78575 | Zig:24   | Killed Sidof the pandemonium lord
 78576 | Zig:24   | Killed Vastreiv the pandemonium lord
 78576 | Zig:24   | Noticed Gidec the pandemonium lord
 78576 | Zig:24   | Noticed Wacips Paejo the pandemonium lord
 78576 | Zig:24   | Noticed Itou the pandemonium lord
 78577 | Zig:24   | Killed Wiubbum the pandemonium lord
 78577 | Zig:24   | Killed Noekh the pandemonium lord
 78577 | Zig:24   | Reached skill level 15 in Throwing
 78578 | Zig:24   | Killed Gidec the pandemonium lord
 78579 | Zig:24   | Noticed Aschimish the pandemonium lord
 78579 | Zig:24   | Killed Midwier the pandemonium lord
 78579 | Zig:24   | Noticed Beugomih the pandemonium lord
 78579 | Zig:24   | Noticed Vafoot the pandemonium lord
 78579 | Zig:24   | Noticed Kierchu the pandemonium lord
 78580 | Zig:24   | Noticed Ebbidos the pandemonium lord
 78580 | Zig:24   | Killed Wacips Paejo the pandemonium lord
 78580 | Zig:24   | Killed Aschimish the pandemonium lord
 78581 | Zig:24   | Killed Itou the pandemonium lord
 78581 | Zig:24   | Noticed Riusmoat the pandemonium lord
 78587 | Zig:24   | Noticed Xodusefe the pandemonium lord
 78587 | Zig:24   | Noticed Mischyely the pandemonium lord
 78590 | Zig:24   | Noticed Onieda the pandemonium lord
 78591 | Zig:24   | Noticed Amoerual the pandemonium lord
 78595 | Zig:24   | Noticed Nuhoumal the pandemonium lord
 78598 | Zig:24   | Noticed Forhigev the pandemonium lord
 78600 | Zig:24   | Killed Beugomih the pandemonium lord
 78603 | Zig:24   | Noticed Jefilaa the pandemonium lord
 78605 | Zig:24   | Found the +10 Black Knight's horse barding {ponderous,
                  | rPois rN+}
 78606 | Zig:24   | Killed Jefilaa the pandemonium lord
 78610 | Zig:24   | Noticed Tyrey the pandemonium lord
 78611 | Zig:24   | Found the +2 shield of Resistance {rF+ rC+ MR+}
 78613 | Zig:24   | Killed Amoerual the pandemonium lord
 78614 | Zig:24   | Killed Nuhoumal the pandemonium lord
 78614 | Zig:24   | Killed Tyrey the pandemonium lord
 78614 | Zig:24   | Killed Lunerph the pandemonium lord
 78616 | Zig:24   | Killed Forhigev the pandemonium lord
 78616 | Zig:24   | Killed Mischyely the pandemonium lord
 78617 | Zig:24   | Noticed Emanenun the pandemonium lord
 78618 | Zig:24   | Killed Emanenun the pandemonium lord
 78629 | Zig:24   | Killed Ebbidos the pandemonium lord
 78629 | Zig:24   | Killed Vafoot the pandemonium lord
 78632 | Zig:24   | Killed Kierchu the pandemonium lord
 78632 | Zig:24   | Killed Riusmoat the pandemonium lord
 78635 | Zig:24   | Killed Xodusefe the pandemonium lord
 78635 | Zig:24   | Killed Onieda the pandemonium lord
 78810 | Zig:24   | Got a sparkling iron amulet
 78811 | Zig:24   | Identified the amulet "Imaocebu" {+Rage rN+ Int+5 Dex-4}
                  | (You found it on level 24 of a ziggurat)
 78818 | Zig:24   | Identified the Incunabulum of Warped Dark Rites
 78865 | Zig:24   | Identified Patzeus's Tome of Feathers and Augmentations
 78928 | Zig:25   | Entered Level 25 of a ziggurat
 79021 | Zig:25   | Identified the amulet of Jaarept {Spirit rPois Int+7 Dex-2
                  | Stlth+} (You found it on level 25 of a ziggurat)
 79032 | Zig:25   | Identified the ring "Elycwest" {Fire MR++ MP+9 Int-5 SInv}
                  | (You found it on level 25 of a ziggurat)
 79039 | Zig:25   | Identified the Grimoire of Captivating Transmigration
 79048 | Zig:25   | Identified the +2 pair of boots "Vubrisch" {Regen+} (You
                  | found it on level 25 of a ziggurat)
 79071 | Zig:26   | Entered Level 26 of a ziggurat
 79141 | Zig:26   | Identified the ring "Cait" {MR+ Stlth-} (You found it on
                  | level 26 of a ziggurat)
 79142 | Zig:26   | Identified the Compendium of Cold and Transformation
 79144 | Zig:26   | Identified Sosyuc's Compendium of Conjuration
 79166 | Zig:27   | Entered Level 27 of a ziggurat
 79282 | Zig:27   | Identified the ring "Piapad" {Ice Str+4} (You found it on
                  | level 27 of a ziggurat)
 79300 | Zig:27   | Identified Sif Muna's Volume of the Supportive Oath
 79332 | Depths:1 | Upgraded the game from 0.24-a0-615-g751f86b5a9 to
                  | 0.24-a0-618-ge4662a2d14
 79334 | Depths:1 | Gebura: &dump
 79334 | Depths:1 | beem:
                  | http://www.underhound.eu:81/crawl/morgue/Gebura/Gebura.txt
 79334 | Depths:1 | Gebura: &dump defe
 79334 | Depths:1 | Gebura: пля
 79334 | Depths:1 | beem:
                  | http://www.underhound.eu:81/crawl/morgue/DEFE/DEFE.txt
 79334 | Depths:1 | Upgraded the game from 0.24-a0-618-ge4662a2d14 to
                  | 0.24-a0-630-g0d56a851f4
 79397 | Hell     | Entered the Vestibule of Hell
 79397 | Hell     | Noticed Geryon
 79403 | Hell     | Killed Geryon
 79404 | Hell     | Noticed Murray
 79409 | Hell     | Killed Murray
 79412 | Hell     | Found a gateway to the ashen valley of Gehenna.
 79423 | Geh:1    | Entered Level 1 of Gehenna
 79423 | Geh:1    | Found a gateway to Hell.
 79429 | Geh:2    | Found a gateway to Hell.
 79435 | Geh:2    | Found a gateway to Hell.
 79457 | Geh:2    | Found a gateway to Hell.
 79486 | Geh:3    | Found a gateway to Hell.
 79559 | Geh:4    | Found a gateway to Hell.
 79564 | Geh:4    | Found a gateway to Hell.
 79597 | Geh:4    | You fall into a shaft and drop 2 floors!
 79597 | Geh:6    | Found a gateway to Hell.
 79599 | Geh:6    | You fall into a shaft and drop 1 floor!
 79599 | Geh:7    | Entered Level 7 of Gehenna
 79613 | Geh:7    | Identified the cursed ring "Zoaleor" {EV-3 Stlth+} (You
                  | found it on level 7 of Gehenna)
 79615 | Geh:7    | Identified Sif Muna's Catalogue of Gliding Beguiling
 79627 | Geh:7    | Found a gateway to Hell.
 79627 | Geh:7    | Found a gateway to Hell.
 79627 | Geh:7    | Found a gateway to Hell.
 79637 | Geh:7    | Found a gateway to Hell.
 79780 | Geh:7    | Identified the +7 sceptre of Asmodeus
 79780 | Geh:7    | Noticed Asmodeus
 79792 | Geh:7    | Killed Asmodeus
 79814 | Geh:7    | Got an obsidian rune of Zot
 79899 | Hell     | Found a gateway to the Iron City of Dis.
 79907 | Dis:1    | Entered Level 1 of the Iron City of Dis
 79907 | Dis:1    | Found a gateway to Hell.
 79936 | Dis:1    | You fall into a shaft and drop 1 floor!
 79944 | Dis:3    | Found a gateway to Hell.
 79994 | Dis:4    | Found a gateway to Hell.
 80015 | Dis:4    | You fall into a shaft and drop 1 floor!
 80030 | Dis:5    | You fall into a shaft and drop 1 floor!
 80039 | Dis:7    | Entered Level 7 of the Iron City of Dis
 80039 | Dis:7    | Found a gateway to Hell.
 80125 | Dis:7    | Found a gateway to Hell.
 80181 | Dis:7    | Identified the +4 staff of Dispater
 80181 | Dis:7    | Noticed Dispater
 80189 | Dis:7    | Killed Dispater
 80271 | Dis:7    | Got an iron rune of Zot
 80325 | Hell     | Found a gateway to the freezing wastes of Cocytus.
 80336 | Coc:1    | Entered Level 1 of Cocytus
 80336 | Coc:1    | Found a gateway to Hell.
 80361 | Coc:2    | Found a gateway to Hell.
 80437 | Coc:3    | Found a gateway to Hell.
 80439 | Coc:3    | You fall into a shaft and drop 3 floors!
 80458 | Coc:6    | Reached skill level 27 in Armour
 80462 | Coc:6    | Reached skill level 5 in Stealth
 80474 | Coc:6    | Found a gateway to Hell.
 80483 | Coc:7    | Entered Level 7 of Cocytus
 80483 | Coc:7    | Noticed the Serpent of Hell
 80487 | Coc:7    | Killed the Serpent of Hell
 80506 | Coc:7    | Reached skill level 10 in Stealth
 80603 | Coc:7    | Noticed Antaeus
 80613 | Coc:7    | Killed Antaeus
 80640 | Coc:7    | Got an icy rune of Zot
 80654 | Coc:7    | Found a gateway to Hell.
 80657 | Coc:7    | Found a gateway to Hell.
 80659 | Coc:7    | Found a gateway to Hell.
 80711 | Hell     | Found a gateway to the decaying netherworld of Tartarus.
 80720 | Tar:1    | Entered Level 1 of Tartarus
 80720 | Tar:1    | Found a gateway to Hell.
 80737 | Tar:2    | Found a gateway to Hell.
 80749 | Tar:2    | Reached skill level 15 in Stealth
 80770 | Tar:3    | Found a gateway to Hell.
 80775 | Tar:3    | Found a gateway to Hell.
 80780 | Tar:4    | Found a gateway to Hell.
 80783 | Tar:4    | Reached skill level 15 in Charms
 80789 | Tar:5    | Found a gateway to Hell.
 80816 | Tar:6    | Found a gateway to Hell.
 80841 | Tar:7    | Entered Level 7 of Tartarus
 80841 | Tar:7    | Found a gateway to Hell.
 80841 | Tar:7    | Found a gateway to Hell.
 80841 | Tar:7    | Found a gateway to Hell.
 80894 | Tar:7    | Noticed Ereshkigal
 80910 | Zig:1    | Entered Level 1 of a ziggurat
 81226 | Zig:2    | Entered Level 2 of a ziggurat
 81336 | Zig:3    | Entered Level 3 of a ziggurat
 81427 | Zig:4    | Entered Level 4 of a ziggurat
 81484 | Zig:5    | Entered Level 5 of a ziggurat
 81502 | Zig:6    | Entered Level 6 of a ziggurat
 81502 | Zig:6    | Noticed Pejuir the pandemonium lord
 81502 | Zig:6    | Noticed Ficawy the pandemonium lord
 81505 | Zig:6    | Noticed Qatozaom the pandemonium lord
 81506 | Zig:6    | Killed Pejuir the pandemonium lord
 81506 | Zig:6    | Killed Ficawy the pandemonium lord
 81508 | Zig:6    | Killed Qatozaom the pandemonium lord
 81509 | Zig:6    | Noticed Terek the pandemonium lord
 81510 | Zig:6    | Killed Terek the pandemonium lord
 81575 | Tar:7    | Killed Ereshkigal
 81588 | Tar:7    | Got a bone rune of Zot
 82943 | Depths:3 | Found a one-way gate leading to the halls of Pandemonium.
 82949 | Pan      | Entered Pandemonium
 83152 | Pan      | Noticed Raiddi the pandemonium lord
 83160 | Pan      | Killed Raiddi the pandemonium lord
 83331 | Pan      | Reached skill level 27 in Throwing
 83370 | Pan      | Found a huge runed translucent gate.
 83372 | Pan      | Found a huge runed translucent gate.
 83373 | Pan      | Found a huge runed translucent gate.
 83379 | Pan      | Found a huge runed translucent gate.
 83379 | Pan      | Found a huge runed translucent gate.
 83379 | Pan      | Found a huge runed translucent gate.
 83381 | Pan      | Found a huge runed translucent gate.
 83382 | Pan      | Noticed Oxemid the pandemonium lord
 83390 | Pan      | Killed Oxemid the pandemonium lord
 83847 | Pan      | Found an exit through the horrors of the Abyss.
 84300 | Pan      | Got a demonic rune of Zot
 84304 | Pan      | Entered the realm of Mnoleg.
 84324 | Pan      | Noticed Mnoleg
 84329 | Pan      | Killed Mnoleg
 84341 | Pan      | Got a glowing rune of Zot
 84427 | Pan      | Entered the realm of Gloorx Vloq.
 84888 | Pan      | Noticed Gloorx Vloq
 84893 | Pan      | Killed Gloorx Vloq
 84898 | Pan      | Got a dark rune of Zot
 84961 | Pan      | Noticed Ighegot the pandemonium lord
 84966 | Pan      | Killed Ighegot the pandemonium lord
 84982 | Pan      | Noticed Tunimuakk the pandemonium lord
 84991 | Pan      | Killed Tunimuakk the pandemonium lord
 85184 | Pan      | Entered the realm of Cerebov.
 85240 | Pan      | Reached skill level 27 in Stealth
 85270 | Pan      | Identified the +6 sword of Cerebov {flame}
 85270 | Pan      | Noticed Cerebov
 85434 | Pan      | Killed Cerebov
 85434 | Pan      | Reached skill level 27 in Charms
 85470 | Pan      | Got a fiery rune of Zot
 85548 | Pan      | Found an exit through the horrors of the Abyss.
 85582 | Pan      | Noticed Eluqot the pandemonium lord
 85587 | Pan      | Found a transporter.
 85634 | Pan      | Found a transporter.
 85643 | Pan      | Identified the amulet of Josups {Spirit Int+5 Dex+4} (You
                  | found it in Pandemonium)
 85654 | Pan      | Identified the cursed ring of Bume {rF+ rN+ Str-3 Int+3
                  | Dex-3} (You found it in Pandemonium)
 85667 | Pan      | Entered the realm of Lom Lobon.
 85726 | Pan      | Noticed Lom Lobon
 85752 | Pan      | Killed Lom Lobon
 85783 | Pan      | Got a magical rune of Zot
 85850 | Pan      | Found an exit through the horrors of the Abyss.
 85859 | Pan      | Took an exit into the Abyss.
 85859 | Abyss:1  | Escaped into the Abyss
 86088 | Abyss:5  | Entered Level 5 of the Abyss
 86088 | Abyss:5  | Entered Level 5 of the Abyss
 86112 | Abyss:5  | Found a transporter.
 86130 | Abyss:5  | Found a transporter.
 86131 | Abyss:5  | Got an abyssal rune of Zot
 86136 | Abyss:5  | Noticed an ancient lich
 86137 | Abyss:5  | Killed an ancient lich
 86142 | Depths:3 | Escaped the Abyss
 86736 | Vaults:5 | Entered Level 5 of the Vaults
 86737 | Vaults:5 | Reached skill level 27 in Fire Magic
 86948 | Vaults:5 | Got a silver rune of Zot
 87046 | Crypt:1  | Entered Level 1 of the Crypt
 87086 | Crypt:1  | Noticed Xtahua
 87092 | Crypt:1  | Killed Xtahua
 87474 | Crypt:3  | Entered Level 3 of the Crypt
 87525 | Crypt:3  | Found a staircase to the Tomb.
 87537 | Tomb:1   | Entered Level 1 of the Tomb of the Ancients
 87551 | Tomb:1   | Noticed a greater mummy
 87554 | Tomb:1   | Noticed a greater mummy
 87555 | Tomb:1   | Killed a greater mummy
 87557 | Tomb:1   | Noticed a greater mummy
 87558 | Tomb:1   | Noticed a greater mummy
 87559 | Tomb:1   | Killed a greater mummy
 87560 | Tomb:1   | Killed a greater mummy
 87561 | Tomb:1   | Killed a greater mummy
 87565 | Tomb:1   | Noticed a greater mummy
 87569 | Tomb:1   | Killed a greater mummy
 87582 | Tomb:1   | Noticed a greater mummy
 87585 | Tomb:1   | Killed a greater mummy
 87587 | Tomb:1   | Noticed a greater mummy
 87590 | Tomb:1   | Noticed a greater mummy
 87590 | Tomb:1   | Noticed a greater mummy
 87591 | Tomb:1   | Killed a greater mummy
 87593 | Tomb:1   | Killed a greater mummy
 87593 | Tomb:1   | Killed a greater mummy
 87617 | Tomb:1   | Noticed a greater mummy
 87624 | Tomb:1   | Killed a greater mummy
 87670 | Tomb:2   | Noticed a greater mummy
 87670 | Tomb:2   | Noticed a greater mummy
 87674 | Tomb:2   | Noticed a greater mummy
 87675 | Tomb:2   | Killed a greater mummy
 87675 | Tomb:2   | Killed a greater mummy
 87675 | Tomb:2   | Noticed a greater mummy
 87678 | Tomb:2   | Killed a greater mummy
 87678 | Tomb:2   | Killed a greater mummy
 87751 | Tomb:3   | Entered Level 3 of the Tomb of the Ancients
 87763 | Tomb:3   | Noticed a greater mummy
 87763 | Tomb:3   | Noticed a greater mummy
 87766 | Tomb:3   | Killed a greater mummy
 87766 | Tomb:3   | Noticed Sojobo
 87773 | Tomb:3   | Killed a greater mummy
 87773 | Tomb:3   | Noticed Mara
 87774 | Tomb:3   | Noticed a greater mummy
 87775 | Tomb:3   | Killed Sojobo
 87775 | Tomb:3   | Killed Mara
 87777 | Tomb:3   | Noticed a greater mummy
 87780 | Tomb:3   | Killed a greater mummy
 87780 | Tomb:3   | Killed a greater mummy
 87802 | Tomb:3   | Noticed a greater mummy
 87802 | Tomb:3   | Noticed a greater mummy
 87802 | Tomb:3   | Noticed a greater mummy
 87803 | Tomb:3   | Killed a greater mummy
 87803 | Tomb:3   | Noticed Khufu
 87803 | Tomb:3   | Noticed a greater mummy
 87804 | Tomb:3   | Killed a greater mummy
 87806 | Tomb:3   | Killed a greater mummy
 87807 | Tomb:3   | Killed a greater mummy
 87829 | Tomb:3   | Got a golden rune of Zot
 87853 | Tomb:3   | Found the +6 Majin-Bo {vamp, Archmagi MP+6 Int+6}
 87858 | Tomb:3   | Identified the cursed +0 pair of boots "Tirrad" {+Inv} (You
                  | found it on level 3 of the Tomb of the Ancients)
 87893 | Tomb:2   | Identified the ring of Citseh {rElec EV+3 Int+4 Stlth+}
 87907 | Tomb:1   | Noticed a greater mummy
 87913 | Tomb:1   | Killed a greater mummy
 87917 | Tomb:1   | Noticed a greater mummy
 87923 | Tomb:1   | Killed a greater mummy
 87946 | Crypt:3  | Reached skill level 27 in Necromancy
 88428 | Slime:1  | Entered Level 1 of the Pits of Slime
 88533 | Slime:5  | Entered Level 5 of the Pits of Slime
 88548 | Slime:5  | Noticed the Royal Jelly
 88553 | Slime:5  | Killed the Royal Jelly
 88553 | Slime:5  | Reached skill level 27 in Transmutations
 88553 | Slime:5  | Reached skill level 1 in Staves
 88577 | Slime:5  | Reached skill level 5 in Staves
 88599 | Slime:5  | Got a slimy rune of Zot
 88722 | Slime:3  | Noticed Dissolution
 88723 | Slime:3  | Reached skill level 10 in Staves
 88724 | Slime:3  | Killed Dissolution
 89392 | Depths:5 | Entered Level 5 of the Depths
 89651 | Depths:5 | Found a gate to the Realm of Zot.
 89691 | Zot:1    | Entered Level 1 of the Realm of Zot
 89770 | Zot:3    | Noticed an orb of fire
 89783 | Zot:3    | Killed an orb of fire
 89783 | Zot:3    | Reached skill level 15 in Staves
 90043 | Zot:4    | Identified the ring of Geusit {Fire MR+ Dex+2} (You found
                  | it on level 4 of the Realm of Zot)
 90063 | Zot:5    | Entered Level 5 of the Realm of Zot
 90372 | Zot:5    | Noticed an orb of fire
 90374 | Zot:5    | Killed an orb of fire
 90377 | Zot:5    | Noticed an orb of fire
 90380 | Zot:5    | Killed an orb of fire
 90380 | Zot:5    | Noticed an orb of fire
 90381 | Zot:5    | Noticed an ancient lich
 90393 | Zot:5    | Killed an orb of fire
 90397 | Zot:5    | Noticed an ancient lich
 90399 | Zot:5    | Killed an ancient lich
 90459 | Zot:5    | Noticed an orb of fire
 90461 | Zot:5    | Noticed an orb of fire
 90462 | Zot:5    | Noticed an orb of fire
 90465 | Zot:5    | Killed an orb of fire
 90466 | Zot:5    | Killed an orb of fire
 90466 | Zot:5    | Killed an orb of fire
 90473 | Zot:5    | Killed an ancient lich
 91064 | Zot:5    | Got the Orb of Zot
 91332 | Depths:1 | Noticed Itoy the pandemonium lord
 91344 | Depths:1 | Killed Itoy the pandemonium lord
 91386 | D:14     | Noticed Paxzulif the pandemonium lord
 91815 | D:1      | Noticed Egel the pandemonium lord
 91818 | D:$      | Escaped with the Orb!

Levels and vault maps discovered:
D:1:      dpeg_arrival_rooms_a, layout_rooms, st_stairs_7, solitary_fountain
D:2:      layout_basic, serial_corexii_hall, corexii_hall_statues_l,
          corexii_hall_statues_i
D:3:      layout_basic, yredelemnul_altar_generic,
          nicolae_qazlal_style_of_elements, vehumet_crystals, elyvilon_altar_5
D:4:      minmay_diamond_boxcup, layout_loops_cross, kennysheep_mini,
          cheibrodos_sewer_entry_sluice
D:5:      layout_basic, grunt_temple_overflow_open, first_ration
D:6:      layout_cave_pools, lemuel_coloured_pillars_altar
D:7:      layout_basic, minmay_temple_entry_large_hall, grunt_livestock
D:8:      layout_loops_ring, kennysheep_little_box, lair_entry_dummy,
          enter_ossuary_2, serial_shops, nicolae_shop_trees,
          corexii_leaking_fountain, uniq_maurice
D:9:      layout_basic
D:10:     layout_layer_cave, uniq_nergalle
D:11:     layout_stronghold, kennysheep_orc_monster_closet_entryway,
          ebering_ghost_disaster_area, serial_park_tiny_pond
D:12:     layout_irregular_city, serial_shops, shop, st_stairs_6,
          nemelex_diamond_rough_becter
D:13:     layout_basic, serial_shops, shop, minivault_16, drop_trap,
          hangedman_decor_diamond_cutter
D:14:     layout_rooms, hangedman_vaults_entry_quadrant_bands,
          minmay_misc_feat_tower, gauntlet_entry_generic,
          minmay_misc_feat_roman, uniq_roxanne
D:15:     hangedman_depths_entry_civil_slaughter, layout_basic,
          ebering_ghost_xom, chequers_arboretum, nooodl_orcs_dogs
Lair:1:   layout_hall_layers, uniq_gastronok
Lair:2:   layout_gridlike, minmay_swamp_entry_swarm,
          portal_ice_cave_demonic_guard
Lair:3:   layout_long_grid, beast_lair_carwin_7
Lair:4:   layout_hall_layers, guppyfry_snake_entry_island, kennysheep_rathole
Lair:5:   layout_regular_city, slime_altar_1, gammafunk_ghost_hydra_chop
Lair:6:   gammafunk_lair_ancient_temple, layout_gridlike
Swamp:1:  layout_falls_marsh, evilmike_swamp_ruin_house_5, swamp_pool2,
          ldierk_geyser, st_shrine_of_shade
Swamp:2:  layout_falls_marsh, evilmike_swamp_ruin_wall, uniq_aizul
Swamp:3:  layout_falls_marsh, nicolae_swamp_treefoil
Swamp:4:  swamp_old_school, layout_basic_swamp
Snake:1:  layout_basic, grunt_ministairs_6, nicolae_snake_lava_pool
Snake:2:  layout_onion_interference, grunt_ministairs_5
Snake:3:  layout_cave_town, st_stairs_6, nrook_guardian_serpent_ordinary
Snake:4:  grunt_snake_rune_serpentine_throne, layout_onion_interference,
          minmay_shoptagon, uniq_vashnia, uniq_saint_roka
Slime:1:  layout_caves, cheibrodos_slime_lost_civilization_5
Slime:2:  layout_caves
Slime:3:  layout_caves, dissolution_awaits
Slime:4:  layout_caves, special_room [special_room_jelly]
Slime:5
Orc:1:    layout_caves, serial_shops, shop, shop, uniq_snorg, uniq_erica
Orc:2:    kennysheep_orc_mage_school, layout_caves, bloody_trog, uniq_josephine,
          uniq_azrael, uniq_nessos, uniq_rupert
Elf:1:    eino_elf_arrival_customs, layout_geoelf_diagonals, serial_glass,
          glass_columns_c, glass_columns_b, glass_columns_a, glass_columns_b,
          serial_shops, shop, minmay_elf_sorcery
Elf:2:    layout_geoelf_diagonals, serial_shops, nicolae_shop_behind_doors
Elf:3:    minmay_elf_hall_furrowed, layout_onion_city
Vaults:1: ebering_vaults_ghost_xom, v_misc_8, ontoclasm_vaults_shout,
          grunt_vaults_hallway_short, hangedman_vaults_restitches, v_misc_8,
          ontoclasm_vaults_ring_large, v_pattern_1, dpeg_vaults_monster_row,
          hangedman_vaults_cutoff, v_alt_pattern_2, layout_vaults_omnigrid,
          serial_shops, shop_fountains, shop
Vaults:2: serial_ice_h, nicolae_vaults_specimen_jars, v_misc_23,
          hangedman_vaults_pinch, nicolae_vaults_big_ls,
          minmay_crypt_entry_necro_gods, ontoclasm_vaults_fault, v_pattern_3,
          vaults_room_hallway, vaults_dpeg_hooks, vaults_standard_mumra_lines,
          nicolae_vaults_shelves_hall, hangedman_vaults_unwind,
          layout_vaults_omnicross, serial_shops, shop
Vaults:3: nicolae_vaults_triangles, nicolae_vaults_network_star, v_misc_12,
          ontoclasm_vaults_hangar, hangedman_vaults_maws,
          vaults_mumra_minichess, grunt_vaults_funnel, ontoclasm_vaults_hangar,
          nicolae_vaults_rhombus_6, ontoclasm_vaults_gateway,
          vaults_room_glass_cross, layout_vaults_big_room, serial_shops,
          nicolae_shop_trees, mu_enter_wizlab_4
Vaults:4: v_misc_12, nicolae_vaults_know_your_exits, hangedman_vaults_snaps,
          nicolae_vaults_hallways_thing, nicolae_vaults_rhombus_6,
          nicolae_vaults_little_squares_3, v_misc_18, v_misc_26,
          nicolae_vaults_little_squares_4, serial_ice_h, vaults_room_fours,
          nicolae_vaults_shelves_hall, nicolae_vaults_little_squares_4,
          vaults_room_pool, layout_vaults_ring
Vaults:5
Crypt:1:  layout_chaotic_city, grunt_crypt_arrival_webbed, uniq_xtahua
Crypt:2:  layout_gridlike, lemuel_elevator
Crypt:3:  church_of_pain_bobbens, layout_chaotic_city,
          nicolae_tomb_entry_rubble_hallway
Tomb:1
Tomb:2
Tomb:3:   uniq_mara, uniq_sojobo
Depths:1: layout_roguey, enter_ziggurat_f, serial_shops, kennysheep_mini_moat,
          patterned_corridor, hell_entry, wad_hexagon, grunt_megastairs_3,
          uniq_bai_suzhen
Depths:2: minmay_isolated_rectangles_in_corner, layout_cave_pools, hell_entry,
          kennysheep_random_hallway
Depths:3: kennysheep_blocky_hall, layout_cave_pools,
          chequers_serial_rivers_small_a, pan_entry, grunt_mini_vestibule,
          infiniplex_staircase_zigzag_4
Depths:4: box_level_dp, hell_entry, abyss_entry
Depths:5: evilmike_zot_entry_hall, layout_basic, abyss_entry_flame_altar,
          serial_bayou_shore_b, hell_entry
Hell
Dis:1:    layout_jigsaw
Dis:2:    layout_jigsaw
Dis:3:    layout_subdivisions
Dis:4:    layout_regular_city, hangedman_player_shredder
Dis:5:    layout_regular_city
Dis:6:    layout_subdivisions
Dis:7:    iron_city_of_dis [dis_old, dis_wall_7], layout_chaotic_city
Geh:1:    layout_gehenna_pools_basic
Geh:2:    layout_gehenna_lava_caves
Geh:3:    layout_gehenna_lava_caves
Geh:4:    layout_gehenna_pools_triple
Geh:6:    layout_gehenna_pools_box
Geh:7:    evilmike_geh
Coc:1:    layout_ice_bergs
Coc:2:    layout_ice_bergs
Coc:3:    layout_cocytus_water_paths
Coc:6:    layout_ice_bergs
Coc:7:    coc_mu
Tar:1:    layout_grid_maze, nicolae_tar_cuneiform_oil,
          nicolae_tar_cuneiform_three
Tar:2:    layout_cathedral_of_symmetry
Tar:3:    layout_honeycomb
Tar:4:    layout_cathedral_of_symmetry
Tar:5:    layout_grid_maze
Tar:6:    layout_catacombs
Tar:7:    tar_mu [tar_mu_maze]
Zot:1:    layout_misc_corridors
Zot:2:    layout_cathedral_of_symmetry, st_large_dragon_hoard_3
Zot:3:    layout_gridville
Zot:4:    layout_onion
Zot:5:    layout_cathedral_of_symmetry

Skill      XL: |  1  2  3  4  5  6  7  8  9 10 11 12 13 14 15 16 17 18 19 20 21 22 23 24 25 26 27 |
---------------+----------------------------------------------------------------------------------+-----
Spellcasting   | 4 5 6 7 8 9 11 12 14 15 16 17 18 19 20 21 22 23 27 | 27.0
Stealth        | 3 27 | 27.0
Fire Magic     | 4 5 6 7 8 9 11 12 13 14 15 16 17 18 19 20 27 | 27.0
Dodging        | 3 5 8 10 27 | 27.0
Conjurations   | 2 4 5 6 7 9 10 11 13 14 15 16 17 18 19 20 27 | 27.0
Shields        | 1 2 4 27 | 27.0
Evocations     | 3 5 7 9 10 27 | 27.0
Fighting       | 2 5 7 8 9 10 27 | 27.0
Earth Magic    | 4 7 9 10 11 12 27 | 27.0
Ice Magic      | 7 10 27 | 27.0
Necromancy     | 6 10 14 16 19 20 27 | 27.0
Transmutations | 10 14 15 16 27 | 27.0
Air Magic      | 27 | 27.0
Summonings     | 27 | 27.0
Armour         | 27 | 27.0
Throwing       | 27 | 27.0
Charms         | 27 | 27.0
Staves         | 22 | 22.5
Short Blades   | |  0.1

Action                   |  1- 3 |  4- 6 |  7- 9 | 10-12 | 13-15 | 16-18 | 19-21 | 22-24 | 25-27 || total
-------------------------+-------+-------+-------+-------+-------+-------+-------+-------+-------++-------
Melee: Unarmed           |     8 |       |       |       |       |       |       |       |       ||     8
       Dagger            |     6 |    14 |    57 |    77 |       |       |       |       |       ||   154
       Whip              |       |       |       |    30 |   115 |     7 |       |       |       ||   152
       Staff             |       |       |       |       |       |    14 |     1 |       |   136 ||   151
Throw: Dart              |       |     6 |       |     8 |    11 |     2 |       |     1 |       ||    28
       Javelin           |       |       |       |       |       |       |       |       |    24 ||    24
 Cast: Flame Tongue      |    59 |   101 |   222 |   131 |    24 |       |       |       |       ||   537
       Conjure Flame     |       |     1 |     3 |     3 |     1 |       |       |       |       ||     8
       Sticky Flame      |       |     5 |    27 |    52 |    60 |       |       |       |       ||   144
       Fireball          |       |       |       |   158 |   417 |    11 |    16 |       |       ||   602
       Bolt of Fire      |       |       |       |       |    97 |   455 |   450 |    28 |       ||  1030
       Ignition          |       |       |       |       |     8 |    70 |    98 |    52 |    20 ||   248
       Iron Shot         |       |       |       |       |     1 |    37 |    59 |    39 |     1 ||   137
       Fire Storm        |       |       |       |       |       |       |     2 |    39 |   849 ||   890
       Freezing Cloud    |       |       |       |       |       |       |     1 |       |       ||     1
       Necromutation     |       |       |       |       |       |       |       |    13 |   218 ||   231
       Lehudib's Crystal |       |       |       |       |       |       |       |    12 |   314 ||   326
       Shatter           |       |       |       |       |       |       |       |       |  1332 ||  1332
       Tornado           |       |       |       |       |       |       |       |       |    66 ||    66
       Glaciate          |       |       |       |       |       |       |       |       |    37 ||    37
       Deflect Missiles  |       |       |       |       |       |       |       |       |    10 ||    10
       Aura of Abjuratio |       |       |       |       |       |       |       |       |     1 ||     1
       Borgnjor's Vile C |       |       |       |       |       |       |       |       |     1 ||     1
 Abil: Evoke Thunderclou |       |       |       |       |     2 |       |       |       |       ||     2
       Evoke Invisibilit |       |       |       |       |     1 |       |       |     2 |     3 ||     6
       End Transformatio |       |       |       |       |       |       |       |     2 |    29 ||    31
       Stop Flying       |       |       |       |       |       |       |       |       |     1 ||     1
Evoke: Wand              |       |       |     3 |    12 |    38 |    20 |     6 |     9 |    38 ||   126
       Box of beasts     |       |       |       |     1 |     2 |       |       |     1 |    10 ||    14
       Lamp of fire      |       |       |       |       |       |     4 |       |       |       ||     4
       Figurine of a zig |       |       |       |       |       |       |       |       |     4 ||     4
       Staff of Wucad Mu |       |       |       |       |       |       |       |       |     3 ||     3
  Use: Scroll            |       |     5 |     6 |     7 |    18 |    19 |     6 |    21 |   177 ||   259
       Potion            |       |       |       |       |     1 |     4 |     1 |     6 |    68 ||    80
 Stab: Sleeping          |     1 |     1 |     4 |     1 |     3 |       |       |       |       ||    10
       Paralysed         |       |       |     7 |     9 |    17 |       |       |       |       ||    33
       Distracted        |       |       |     1 |       |       |       |       |       |     1 ||     2
  Eat: Chunk             |     2 |     6 |     9 |     5 |    11 |    12 |     6 |       |       ||    51
       Ration            |       |     1 |     1 |    11 |    18 |    20 |    15 |     2 |     7 ||    75
Armor: Robe              |     5 |     6 |    35 |    37 |    50 |     6 |    20 |    18 |   153 ||   330
Dodge: Dodged            |    23 |    49 |   100 |   111 |   257 |    60 |    80 |    55 |   848 ||  1583
       Deflected         |       |       |       |       |       |       |       |       |   107 ||   107
Block: Buckler           |       |       |    27 |    33 |    66 |    34 |    40 |    24 |   202 ||   426
       Reflection        |       |       |       |       |       |       |       |     5 |     1 ||     6
       Shield            |       |       |       |       |       |       |       |       |   856 ||   856

Table legend:
 A = Non-vault XP
 B = Vault XP
 C = Vault XP percentage of total XP
 D = Non-vault monster count
 E = Vault monster count
 F = Vault count percentage of total count
                 A         B        C        D         E       F
            +---------+---------+-------+---------+---------+-------
      Total | 7892278 |  673430 |   7.9 |    8482 |    1536 |  15.3
            +---------+---------+-------+---------+---------+-------
        D:1 |      25 |       2 |   7.4 |      15 |       2 |  11.8
        D:2 |      75 |       0 |   0.0 |      18 |       0 |   0.0
        D:3 |      64 |       2 |   3.0 |      18 |       1 |   5.3
        D:4 |     601 |      96 |  13.8 |      20 |       6 |  23.1
        D:5 |     272 |       0 |   0.0 |      14 |       0 |   0.0
        D:6 |    1358 |       0 |   0.0 |      23 |       0 |   0.0
        D:7 |    1024 |     979 |  48.9 |      15 |       5 |  25.0
        D:8 |    1109 |     439 |  28.4 |      14 |       1 |   6.7
        D:9 |    1980 |       0 |   0.0 |      23 |       0 |   0.0
       D:10 |    1810 |     785 |  30.3 |      23 |       1 |   4.2
       D:11 |    2998 |    1723 |  36.5 |      15 |      20 |  57.1
       D:12 |    6262 |     350 |   5.3 |      44 |       1 |   2.2
       D:13 |    6995 |       0 |   0.0 |      25 |       0 |   0.0
       D:14 |    6442 |    7999 |  55.4 |      28 |      19 |  40.4
       D:15 |   13003 |    7511 |  36.6 |      18 |      18 |  50.0
     Lair:1 |    3033 |    2349 |  43.6 |      11 |       1 |   8.3
     Lair:2 |    6008 |    1529 |  20.3 |      22 |       7 |  24.1
     Lair:3 |    7960 |    1073 |  11.9 |      33 |       5 |  13.2
     Lair:4 |    6753 |     532 |   7.3 |      26 |      15 |  36.6
     Lair:5 |    4362 |    1088 |  20.0 |      18 |       4 |  18.2
     Lair:6 |    9412 |    7255 |  43.5 |      28 |      21 |  42.9
    Swamp:1 |   14991 |    5367 |  26.4 |      23 |      12 |  34.3
    Swamp:2 |   13862 |       0 |   0.0 |      47 |       0 |   0.0
    Swamp:3 |    6540 |       0 |   0.0 |      19 |       0 |   0.0
    Swamp:4 |   16149 |   19148 |  54.2 |      42 |      22 |  34.4
    Snake:1 |   10407 |    2114 |  16.9 |      21 |      12 |  36.4
    Snake:2 |   16133 |    1449 |   8.2 |      32 |       2 |   5.9
    Snake:3 |    4979 |    2085 |  29.5 |      12 |       5 |  29.4
    Snake:4 |   16339 |   58520 |  78.2 |      31 |      82 |  72.6
    Slime:1 |       0 |       0 |   N/A |      34 |       0 |   0.0
    Slime:2 |       0 |       0 |   N/A |       1 |       0 |   0.0
    Slime:3 |       0 |       0 |   N/A |       4 |       1 |  20.0
    Slime:4 |       0 |       0 |   N/A |      32 |      25 |  43.9
    Slime:5 |       0 |       0 |   N/A |      42 |      12 |  22.2
      Orc:1 |    4385 |    1602 |  26.8 |      46 |       2 |   4.2
      Orc:2 |    7016 |   14592 |  67.5 |      55 |      47 |  46.1
      Elf:1 |   17785 |    9597 |  35.0 |      27 |      15 |  35.7
      Elf:2 |   22700 |    3211 |  12.4 |      33 |       4 |  10.8
      Elf:3 |   24424 |   44928 |  64.8 |      44 |      28 |  38.9
   Vaults:1 |   13726 |   30620 |  69.0 |      28 |      36 |  56.2
   Vaults:2 |   42345 |   21323 |  33.5 |      86 |      38 |  30.6
   Vaults:3 |   24100 |   16255 |  40.3 |      33 |      30 |  47.6
   Vaults:4 |   36210 |   24364 |  40.2 |      66 |      27 |  29.0
   Vaults:5 |       0 |       0 |   N/A |      62 |      97 |  61.0
    Crypt:1 |       0 |       0 |   N/A |      49 |       1 |   2.0
    Crypt:2 |       0 |       0 |   N/A |      40 |       1 |   2.4
    Crypt:3 |       0 |       0 |   N/A |      28 |       0 |   0.0
     Tomb:1 |       0 |       0 |   N/A |      36 |      44 |  55.0
     Tomb:2 |       0 |       0 |   N/A |      13 |      54 |  80.6
     Tomb:3 |       0 |       0 |   N/A |      33 |      75 |  69.4
   Depths:1 |   26338 |   17961 |  40.5 |      23 |      10 |  30.3
   Depths:2 |    1029 |       0 |   0.0 |      60 |      26 |  30.2
   Depths:3 |       0 |       0 |   N/A |      31 |       9 |  22.5
   Depths:5 |       0 |       0 |   N/A |      43 |      11 |  20.4
       Hell |   19345 |   30754 |  61.4 |      35 |      47 |  57.3
      Dis:3 |   20757 |       0 |   0.0 |      25 |       0 |   0.0
      Dis:5 |    1804 |       0 |   0.0 |       5 |       0 |   0.0
      Dis:7 |   28455 |   83491 |  74.6 |      41 |      43 |  51.2
      Geh:1 |     125 |       0 |   0.0 |       1 |       0 |   0.0
      Geh:2 |   24994 |       0 |   0.0 |      46 |       0 |   0.0
      Geh:3 |   26325 |       0 |   0.0 |      47 |       0 |   0.0
      Geh:4 |   15980 |       0 |   0.0 |      24 |       0 |   0.0
      Geh:7 |    6580 |   65430 |  90.9 |      20 |      38 |  65.5
      Coc:1 |    3910 |       0 |   0.0 |       9 |       0 |   0.0
      Coc:2 |   21374 |       0 |   0.0 |      37 |       0 |   0.0
      Coc:6 |   19169 |       0 |   0.0 |      29 |       0 |   0.0
      Coc:7 |   17136 |   58433 |  77.3 |      28 |      39 |  58.2
      Tar:1 |    7438 |       0 |   0.0 |      11 |       0 |   0.0
      Tar:2 |    5518 |       0 |   0.0 |       9 |       0 |   0.0
      Tar:3 |    3249 |       0 |   0.0 |       2 |       0 |   0.0
      Tar:4 |    4604 |       0 |   0.0 |       8 |       0 |   0.0
      Tar:5 |    5997 |       0 |   0.0 |       6 |       0 |   0.0
      Tar:6 |   15346 |       0 |   0.0 |       7 |       0 |   0.0
      Tar:7 |   15069 |   43019 |  74.1 |      30 |      51 |  63.0
      Zot:1 |       0 |       0 |   N/A |       4 |       0 |   0.0
      Zot:2 |       0 |       0 |   N/A |       2 |       0 |   0.0
      Zot:3 |       0 |       0 |   N/A |      23 |       0 |   0.0
      Zot:4 |       0 |       0 |   N/A |       6 |       0 |   0.0
      Zot:5 |       0 |       0 |   N/A |      43 |      40 |  48.2
    Abyss:1 |       0 |       0 |   N/A |      11 |       0 |   0.0
    Abyss:2 |       0 |       0 |   N/A |       2 |       0 |   0.0
    Abyss:4 |       0 |       0 |   N/A |       2 |       0 |   0.0
    Abyss:5 |       0 |       0 |   N/A |      10 |      24 |  70.6
        Pan |       0 |       0 |   N/A |     229 |     148 |  39.3
      Zig:1 |   25780 |    4231 |  14.1 |      18 |       8 |  30.8
      Zig:2 |   40704 |    4669 |  10.3 |      32 |       8 |  20.0
      Zig:3 |   51092 |    2211 |   4.1 |      48 |       4 |   7.7
      Zig:4 |   87078 |       0 |   0.0 |      61 |       0 |   0.0
      Zig:5 |   74417 |    2166 |   2.8 |      96 |       4 |   4.0
      Zig:6 |  129242 |       0 |   0.0 |      83 |       0 |   0.0
      Zig:7 |   80783 |       0 |   0.0 |      78 |       0 |   0.0
      Zig:8 |   92303 |       0 |   0.0 |     101 |       0 |   0.0
      Zig:9 |  104241 |       0 |   0.0 |     130 |       0 |   0.0
     Zig:10 |  123628 |       0 |   0.0 |     128 |       0 |   0.0
     Zig:11 |  175024 |       0 |   0.0 |     136 |       0 |   0.0
     Zig:12 |  157044 |       0 |   0.0 |     176 |       0 |   0.0
     Zig:13 |  173120 |    2761 |   1.6 |     192 |       4 |   2.0
     Zig:14 |  191041 |     893 |   0.5 |     226 |       2 |   0.9
     Zig:15 |  190237 |       0 |   0.0 |     253 |       0 |   0.0
     Zig:16 |  264552 |    7345 |   2.7 |     230 |       8 |   3.4
     Zig:17 |  299768 |    3846 |   1.3 |     240 |       4 |   1.6
     Zig:18 |  263158 |    3750 |   1.4 |     334 |       6 |   1.8
     Zig:19 |  325625 |       0 |   0.0 |     289 |       0 |   0.0
     Zig:20 |  419680 |       0 |   0.0 |     333 |       0 |   0.0
     Zig:21 |  514866 |       0 |   0.0 |     365 |       0 |   0.0
     Zig:22 |  495775 |       0 |   0.0 |     330 |       0 |   0.0
     Zig:23 |  368980 |   13750 |   3.6 |     439 |      24 |   5.2
     Zig:24 |  678413 |       0 |   0.0 |     424 |       0 |   0.0
     Zig:25 |  688853 |       0 |   0.0 |     403 |       0 |   0.0
     Zig:26 |  606641 |       0 |   0.0 |     545 |       0 |   0.0
     Zig:27 |  606054 |      65 |   0.0 |     413 |       2 |   0.5
      Sewer |       0 |     237 | 100.0 |       0 |      24 | 100.0
    Ossuary |       0 |     188 | 100.0 |       0 |      29 | 100.0
      IceCv |       0 |    6485 | 100.0 |       0 |      54 | 100.0
     WizLab |       0 |   27539 | 100.0 |       0 |      61 | 100.0
   Gauntlet |       0 |    5319 | 100.0 |       0 |       9 | 100.0
            +---------+---------+-------+---------+---------+-------
